 Dungeon Crawl Stone Soup version 0.27-a0-1456-gf5a1169 (webtiles) character file.

Game seed: 9454471887075273150

14729770 DispaterIsMyDaddy the Hand of Fortune (level 27, 238/238 HPs)
             Began as a Demonspawn Gladiator on July 5, 2021.
             Was the Champion of Nemelex Xobeh.
             Escaped with the Orb
             ... and 15 runes!
             The game lasted 07:34:05 (108039 turns).

DispaterIsMyDaddy the Hand of Fortune (DsGl)      Turns: 108039, Time: 07:34:06

Health: 238/238    AC: 41    Str: 21    XL:     27
Magic:  47/47      EV: 24    Int: 26    God:    Nemelex Xobeh [******]
Gold:   11941      SH: 39    Dex: 24    Spells: 46/66 levels left

rFire    + + +     SeeInvis +   c - +7 demon blade "Ripusuf" {vorpal, rF+ rN+ rCorr}
rCold    + + +     Faith    .   S - +5 kite shield {reflect}
rNeg     + + +     Spirit   .   M - +8 chain mail of the Solstice {rC+ Regen+ rCorr SInv}
rPois    ∞         Reflect  +   Z - +2 hood of the Assassin {Detection Stab+ Stlth++}
rElec    .         Harm     .   u - scarf {rC+ rF+}
rCorr    +         Rampage  .   P - +0 pair of fencer's gloves {Riposte Dex+3}
Will     +++++                  (boots unavailable)
Stlth    +++.......             z - amulet of Hossonoz {Reflect Fly rF- Will++ SH+5}
HPRegen  1.49/turn              I - ring of Waodghau {Contam Drain rPois Int+9 Slay+4}
MPRegen  0.30/turn              X - ring "Wifatimp" {rF++ rC+ Str+5 SInv}

@: lich-form, flying, studying 5 skills
A: draining attack, torment immunity, no potions, talons 3, large bone plates 3,
icemail 2, spiny 3, condensation shield, corrupting presence 2, word of chaos,
thin skeletal structure 1, mutation resistance 1, sense surroundings 1, no
potion heal 1
0: Orb of Zot
}: 15/15 runes: barnacled, slimy, silver, golden, iron, obsidian, icy, bone,
abyssal, demonic, glowing, magical, fiery, dark, gossamer
a: Word of Chaos, End Transformation, Renounce Religion, Draw Escape, Draw
Destruction, Draw Summoning, Triple Draw, Deal Four, Stack Five


You escaped.
You worshipped Nemelex Xobeh.
Nemelex Xobeh was exalted by your worship.
You were an undead lich.
You visited 17 branches of the dungeon, and saw 89 of its levels.
You visited Pandemonium 1 time, and saw 18 of its levels.
You visited the Abyss 10 times.
You also visited: Ice Cave.

You collected 18326 gold pieces.
You spent 6385 gold pieces at shops.

Inventory:

Hand Weapons
 b - the +6 arbalest "Damnation" {damnation}
   (You found it on level 3 of the Tomb of the Ancients)
 c - the +7 demon blade "Ripusuf" (weapon) {vorpal, rF+ rN+ rCorr}
   (You found it on level 5 of the Pits of Slime)

   It inflicts extra damage upon your enemies.
   rF:        It protects you from fire.
   rN:        It protects you from negative energy.
   rCorr:     It protects you from acid and corrosion.
 e - the +7 sceptre of Asmodeus
   (You took it off Asmodeus on level 7 of Gehenna)
 F - the +6 sword of Cerebov {flame}
   (You took it off Cerebov in Pandemonium)

   It has been specially enchanted to burn those struck by it, causing extra
   injury to most foes and up to half again as much damage against particularly
   susceptible opponents.
   Big, fiery blades are also staple armaments of hydra-hunters.
 G - the +8 Vampire's Tooth {vamp}
   (You took it off a deep elf demonologist on level 3 of the Elven Halls)

   It inflicts no extra harm, but heals its wielder when it wounds a living foe.
 N - the +4 staff of Dispater
   (You took it off Dispater on level 7 of the Iron City of Dis)
Missiles
 L - 36 silver javelins
 V - 5 throwing nets (quivered)
Armour
 u - a scarf of resistance (worn)
 y - the +8 orange crystal plate armour {Archmagi, Int+3 Clar}
   (You found it on level 3 of the Elven Halls)

   Int:       It affects your intelligence (+3).
   Clar:      It protects you against confusion.
 D - the +10 tower shield of Ignorance {rN+ Int-4}
   (You found it on level 1 of the Depths)

   Int:       It affects your intelligence (-4).
   rN:        It protects you from negative energy.
 M - the +8 chain mail of the Solstice (worn) {rC+ Regen+ rCorr SInv}
   (You found it on level 2 of the Elven Halls)

   rC:        It protects you from cold.
   SInv:      It lets you see invisible.
   Regen:     It increases your rate of health regeneration.
   rCorr:     It protects you from acid and corrosion.
 P - the +0 pair of fencer's gloves (worn) {Riposte Dex+3}
   (You bought it in a shop on level 5 of the Dungeon)

   Dex:       It affects your dexterity (+3).
 S - a +5 kite shield of reflection (worn)
 Z - the +2 hood of the Assassin (worn) {Detection Stab+ Stlth++}
   (You found it on level 5 of the Pits of Slime)

   Stlth:     It makes you much more stealthy.
Jewellery
 k - the amulet of Lies {Fly rC+ rN+ Regen+}
   (You found it in Pandemonium)

   [amulet of regeneration]

   rC:        It protects you from cold.
   rN:        It protects you from negative energy.
   Fly:       It grants you flight.
   Regen:     It increases your rate of health regeneration.
 v - the ring of the Disturbing Artists {Wiz Str+4 Stlth-}
   (You found it on level 7 of Tartarus)

   [ring of wizardry]

   It improves your spell success rate.
   Str:       It affects your strength (+4).
   Stlth:     It makes you less stealthy.
 z - the amulet of Hossonoz (around neck) {Reflect Fly rF- Will++ SH+5}
   (You acquired it on level 4 of the Depths)

   [amulet of reflection]

   It reflects blocked missile attacks.
   rF:        It makes you vulnerable to fire.
   Fly:       It grants you flight.
   SH:        It affects your SH (+5).
   Will:      It greatly increases your willpower.
 I - the ring of Waodghau (left hand) {Contam Drain rPois Int+9 Slay+4}
   (You bought it in a shop on level 2 of the Orcish Mines)

   [ring of slaying]

   Int:       It affects your intelligence (+9).
   Slay:      It affects your accuracy & damage with ranged weapons and melee
   (+4).
   rPois:     It protects you from poison.
   Contam:    It causes magical contamination when unequipped.
   Drain:     It drains your maximum health when unequipped.
 K - the ring "Jiynneiz" {Fire rN+ Will+ Str+7 Int+2}
   (You found it in Pandemonium)

   [ring of fire]

   It enhances your fire magic.
   Str:       It affects your strength (+7).
   Int:       It affects your intelligence (+2).
   rF:        It protects you from fire.
   rC:        It makes you vulnerable to cold.
   rN:        It protects you from negative energy.
   Will:      It increases your willpower.
 X - the ring "Wifatimp" (right hand) {rF++ rC+ Str+5 SInv}
   (You took it off a deep elf annihilator on level 3 of the Elven Halls)

   [ring of protection from cold]

   Str:       It affects your strength (+5).
   rF:        It greatly protects you from fire.
   rC:        It protects you from cold.
   SInv:      It lets you see invisible.
Wands
 A - a wand of mindburst (112)
 B - a wand of iceblast (57)
 E - a wand of paralysis (87)
 R - a wand of acid (48)
Scrolls
 j - 53 scrolls of identify
 o - 13 scrolls of teleportation
 s - 16 scrolls of blinking
 C - 6 scrolls of enchant armour
 H - 9 scrolls of fog
 J - 14 scrolls of fear
 T - 7 scrolls of immolation
 U - a scroll of summoning
 W - 13 scrolls of amnesia
 Y - 4 scrolls of silence
Potions
 a - 4 potions of magic
 f - 3 potions of mutation
 g - 5 potions of flight
 h - 5 potions of berserk rage
 i - 15 potions of curing
 l - 10 potions of ambrosia
 n - 9 potions of brilliance
 p - 10 potions of haste
 r - 8 potions of might
 t - 9 potions of resistance
 w - 10 potions of heal wounds
 x - 3 potions of invisibility
 Q - 6 potions of cancellation
Miscellaneous
 d - a phial of floods
 m - a condenser vane
 q - a piece from Xom's chessboard (15/15)
 O - a figurine of a ziggurat


   Skills:
 - Level 24.3 Fighting
 - Level 11.8(18.5) Short Blades
 - Level 22.5(23.3) Long Blades
 - Level 1.9 Throwing
 - Level 20.8 Armour
 - Level 22.5 Dodging
 - Level 17.9 Stealth
 - Level 20.4 Shields
 - Level 20.3 Spellcasting
 - Level 24.9 Necromancy
 - Level 9.0 Translocations
 - Level 20.0 Transmutations
 + Level 18.8 Earth Magic
 O Level 27 Invocations
 - Level 9.3 Evocations


You had 46 spell levels left.
You knew the following spells:

 Your Spells              Type           Power      Damage    Failure   Level
a - Wereblood             Tmut           92%        N/A       0%          2
b - Manifold Assault      Tloc           65%        N/A       4%          5
c - Necromutation         Tmut/Necr      60%        N/A       3%          8
d - Borgnjor's Vile Clut  Necr/Erth      59%        N/A       1%          5

Your spell library contained the following spells:

 Spells                   Type           Power      Damage    Failure   Level
 Animate Skeleton         Necr           100%       N/A       0%          1
 Beastly Appendage        Tmut           100%       N/A       0%          1
 Pain                     Necr           100%       1d9       0%          1
 Sandblast                Erth           100%       2d20      0%          1
 Passwall                 Tmut/Erth      75%        N/A       0%          2
 Sublimation of Blood     Necr           62%        N/A       0%          2
 Vampiric Draining        Necr           62%        2d14      0%          3
 Animate Dead             Necr           62%        N/A       0%          4
 Dispel Undead            Necr           100%       3d31      0%          4
 Agony                    Necr           100%       N/A       0%          5
 Excruciating Wounds      Necr           62%        N/A       0%          5
 Apportation              Tloc           100%       N/A       1%          1
 Sting                    Tmut/Pois      100%       1d8       1%          1
 Blink                    Tloc           N/A        N/A       1%          2
 Corpse Rot               Necr/Air       N/A        N/A       1%          2
 Gell's Gravitas          Tloc           32%        N/A       1%          3
 Ignite Poison            Fire/Tmut/Pois 57%        N/A       1%          3
 Lesser Beckoning         Tloc           32%        N/A       1%          3
 Spider Form              Tmut/Pois      34%        N/A       1%          3
 Stone Arrow              Conj/Erth      100%       3d13      1%          3
 Teleport Other           Tloc           65%        N/A       1%          3
 Animate Armour           Summ/Erth      100%       N/A       1%          4
 Ice Form                 Ice/Tmut       68%        N/A       1%          4
 Leda's Liquefaction      Hex/Erth       33%        N/A       1%          4
 Petrify                  Tmut/Erth      91%        N/A       1%          4
 Blade Hands              Tmut           46%        N/A       1%          5
 Lee's Rapid Deconstruct  Erth           45%        3d23*     1%          5
 Death Channel            Necr           62%        N/A       1%          6
 Statue Form              Tmut/Erth      60%        N/A       1%          6
 Dragon Form              Tmut           46%        N/A       1%          7
 Borgnjor's Revivificati  Necr           62%        N/A       1%          8
 Portal Projectile        Hex/Tloc       98%        N/A       2%          3
 Alistair's Intoxication  Tmut/Pois      45%        N/A       2%          5
 Irradiate                Conj/Tmut      34%        3d25      2%          5
 Yara's Violent Unravell  Hex/Tmut       34%        3d14      2%          5
 Simulacrum               Ice/Necr       47%        N/A       5%          6
 Corona                   Hex            28%        N/A       6%          1
 Foxfire                  Conj/Fire      100%       2x1d9     6%          1
 Freeze                   Ice            100%       1d11      6%          1
 Magic Dart               Conj           100%       1d8       6%          1
 Summon Small Mammal      Summ           100%       N/A       6%          1
 Call Imp                 Summ           26%        N/A       9%          2
 Ensorcelled Hibernation  Hex/Ice        52%        N/A       9%          2
 Slow                     Hex            26%        N/A       9%          2
 Static Discharge         Conj/Air       26%        N/A       9%          2
 Iskenderun's Mystic Bla  Conj/Tloc      49%        2d11      9%          4
 Bolt of Magma            Conj/Fire/Erth 28%        4d13      12%         5
 Eringya's Noxious Bog    Tmut/Pois      34%        N/A       14%         6
 Call Canine Familiar     Summ           26%        N/A       17%         3
 Confusing Touch          Hex            26%        N/A       17%         3
 Conjure Flame            Conj/Fire      26%        6-21      17%         3
 Dazzling Flash           Conj/Hex       52%        N/A       17%         3
 Frozen Ramparts          Ice            52%        1d7       17%         3
 Inner Flame              Hex/Fire       26%        N/A       17%         3
 Mephitic Cloud           Conj/Pois/Air  26%        N/A       17%         3
 Ozocubu's Armour         Ice            26%        N/A       17%         3
 Summon Guardian Golem    Hex/Summ       26%        N/A       17%         3
 Swiftness                Air            26%        N/A       17%         3
 Tukima's Dance           Hex            26%        N/A       17%         3
 Iron Shot                Conj/Erth      33%        9d7       19%         6
 Dispersal                Tloc           32%        N/A       22%         6
 Death's Door             Necr           62%        N/A       22%         9
 Summon Forest            Summ/Tloc      24%        N/A       26%         5
 Haunt                    Necr/Summ      47%        N/A       30%         7
 Cause Fear               Hex            13%        N/A       50%         4
 Olgreb's Toxic Radiance  Pois           26%        N/A       50%         4
 Sticky Flame             Conj/Fire      26%        2d5       50%         4
 Summon Ice Beast         Ice/Summ       26%        N/A       50%         4
 Storm Form               Tmut/Air       34%        N/A       63%         7
 Fireball                 Conj/Fire      13%        3d7       85%         5
 Freezing Cloud           Conj/Ice/Air   13%        6-21      85%         5
 Iskenderun's Battlesphe  Conj           26%        2d8       85%         5
 Lightning Bolt           Conj/Air       13%        1d26      85%         5
 Metabolic Englaciation   Hex/Ice        13%        N/A       85%         5
 Silence                  Hex/Air        13%        N/A       85%         5
 Summon Mana Viper        Hex/Summ       26%        N/A       85%         5
 Shatter                  Erth           45%        3d35*     95%         9
 Conjure Ball Lightning   Conj/Air       13%        3x3d6     100%        6
 Invisibility             Hex            13%        N/A       100%        6
 Shadow Creatures         Summ           N/A        N/A       100%        6
 Starburst                Conj/Fire      13%        8x6d5     100%        6
 Malign Gateway           Summ/Tloc      24%        N/A       100%        7
 Monstrous Menagerie      Summ           13%        N/A       100%        7
 Orb of Destruction       Conj           13%        9d6       100%        7
 Ozocubu's Refrigeration  Ice            13%        4d7       100%        7
 Spellforged Servitor     Conj/Summ      13%        N/A       100%        7
 Summon Hydra             Summ           13%        N/A       100%        7
 Maxwell's Capacitive Co  Air            13%        ∞         100%        8
 Summon Horrible Things   Summ           13%        N/A       100%        8
 Chain Lightning          Conj/Air       13%        3d17      100%        9
 Fire Storm               Conj/Fire      13%        8d3       100%        9


Dungeon Overview and Level Annotations

Branches:
Dungeon (15/15)            Temple (0/1) D:7            Lair (6/6) D:8
 Shoals (4/4) Lair:4       Spider (4/4) Lair:2        Slime (5/5) Lair:5
    Orc (2/2) D:11            Elf (3/3) Orc:2        Vaults (5/5) D:13
  Crypt (3/3) Vaults:2       Tomb (3/3) Crypt:3      Depths (5/5) D:15
   Hell (visited)             Dis (7/7) Hell            Geh (7/7) Hell
    Coc (7/7) Hell            Tar (7/7) Hell            Zot (5/5) Depths:5
  IceCv (visited)

Altars:
Ashenzari
Elyvilon
Fedhas
Gozag
Hepliaklqana
Kikubaaqudgha
Nemelex Xobeh
Okawaru
Qazlal
Ru
Sif Muna
Uskayaw
Yredelemnul
The Shining One
Jiyva

Shops:
D:5 **   D:6 *   D:12 (   Orc:2 :*[=::   Elf:2 [   Shoals:3 [   Vaults:2 (?:*
Vaults:5 ?   Depths:1 [

Portals:
Hell: Depths:1 Depths:2 Depths:3 Depths:4 Depths:5
Abyss: Depths:4 Depths:5
Pandemonium: Depths:3
Ziggurat: Depths:1
Trove: Elf:2 (show slimy rune of Zot)

Annotations:
D:9 2 transporters
Lair:2 exclusion: 3 oklob plants


Innate Abilities, Weirdness & Mutations

You are an undead lich.
Your unarmed attacks are suffused with negative energy.
You are immune to unholy pain and torment.
Your necromantic spells are more powerful.
You are immune to poison.
You cannot drink.
You have claws for feet.
You are completely covered in large bone plates. (SH +8)
A meltable icy envelope protects you from harm. (AC +8)
You are completely covered in sharp spines.
A meltable shield of frost defends you. (SH +4)
Your presence sometimes corrodes or deforms those you injure.
You can speak a Word of Chaos.
You have a somewhat thin skeletal structure. (Dex +2, Stealth+)
You are somewhat resistant to further mutation.
You passively map a small area around you.
Potions are less effective at restoring your health.


Message History

You slice the rust devil!!
You kill the rust devil!
You block Kowefoh's attack. You block the ice devil's attack.
You barely miss Kowefoh. You block Kowefoh's attack.
You block the ice devil's attack.
You closely miss Kowefoh. You claw Kowefoh, but do no damage.
You slice Kowefoh!! You claw Kowefoh.
Kowefoh is moderately wounded.
You block Kowefoh's attack. You block the ice devil's attack.
You miss Kowefoh. You claw Kowefoh!
Kowefoh is heavily wounded.
Kowefoh gestures at you. You resist with almost no effort.
The ice devil closely misses you.
You carve Kowefoh like a ham!!! corrodes Kowefoh!
You claw Kowefoh!
Kowefoh is almost dead.
You slice Kowefoh!!
You kill Kowefoh!
You block the ice devil's attack.
You slice the ice devil like a ripe choko!!!
You kill the ice devil!
No target in view!
No target in view!
(D) Dungeon (T) Temple (L) Lair (A) Shoals (N) Spider Nest (M) Slime Pits (O) Orcish Mines (E) Elven Halls (V) Vaults (C) Crypt (W) Tomb (U) Depths (H) Hell (I) Dis (G) Gehenna (X) Cocytus (Y) Tartarus (Z) Zot
Where to? (Enter - D:1, ? - help) You're already here!
(D) Dungeon (T) Temple (L) Lair (A) Shoals (N) Spider Nest (M) Slime Pits (O) Orcish Mines (E) Elven Halls (V) Vaults (C) Crypt (W) Tomb (U) Depths (H) Hell (I) Dis (G) Gehenna (X) Cocytus (Y) Tartarus (Z) Zot
Where to? (Enter - D:1, ? - help)
Okay, then.
Magic restored.
There is an open gate here.
There is a staircase leading out of the dungeon here.
You have escaped!

..#.#.......# ##.........#
..#.#.......########....#######
..#.#.................###########
..#.#....>.......................
....#.................###########
####......#############
..........#
.......).###############
........##......L......# ####
........##.............# ##...
........###...#####...## #..#.
#.##....# #...## ##...# #..##
#.###.######...# #...## #..#.
...........#...###...# #..#P
...##########...#...## #..#.
...#####....#...#...# #..##
.).......##.##.....## #..#P


There were no monsters in sight!

Vanquished Creatures
  Cerebov (Pan)
  Asmodeus (Geh:7)
  Gloorx Vloq (Abyss:1)
  the Royal Jelly (Slime:5)
  Ereshkigal (Tar:7)
  6 pandemonium lords
  the Serpent of Hell (Coc:7)
  Mnoleg (Pan)
  Lom Lobon (Pan)
  9 dread liches
  Dispater (Dis:7)
  Khufu (Tomb:2)
  Mara (Crypt:2)
  5 orbs of fire
  9 ancient liches
  7 juggernauts
  36 royal mummies
  11 Killer Klowns
  9 shard shrikes
  Margery (Crypt:2)
  2 curse toes
  Xtahua (Vaults:4)
  3 caustic shrikes (Depths:4)
  13 golden dragons
  Geryon (Hell)
  5 profane servitors
  28 bone dragons
  Jory (Vaults:4)
  7 doom hounds
  21 Tzitzimimeh
  4 iron giants
  3 electric golems
  4 hellephants
  18 tentacled monstrosities
  20 Brimstone Fiends
  10 Hell Sentinels
  12 Ice Fiends
  24 Orb Guardians
  15 liches
  20 acid blobs
  12 quicksilver dragons
  A deep elf master archer (Elf:3)
  12 titans
  2 deep elf blademasters
  25 Executioners
  16 ancient champions
  26 tentacled starspawn
  10 death cobs
  22 storm dragons
  11 sphinxes
  Agnes (Spider:3)
  3 tengu reavers
  11 azure jellies
  13 shadow dragons
  A fenstrider witch (Zot:5)
  10 draconian monks
  2 nagarajas (Depths:3)
  10 revenants
  Donald (Vaults:2)
  7 deep elf sorcerers
  11 frost giants
  7 rockslimes
  A daeva (Abyss:4)
  14 fire giants
  32 balrugs
  21 vault wardens
  Louise (Shoals:1)
  10 iron dragons
  24 cacodemons
  10 ghost moths
  5 curse skulls
  4 draconian stormcallers
  A draconian knight (Zot:1)
  6 draconian shifters
  3 draconian scorchers
  9 emperor scorpions
  20 ghouls
  3 deep elf elementalists
  2 orc warlords
  38 very ugly things
  3 angels
  5 quicksilver oozes
  20 ironbound preservers
  2 warmongers (Pan)
  64 reapers
  5 draconian annihilators
  28 war gargoyles
  2 spriggan defenders
  3 blood saints (Pan)
  5 black suns (Pan)
  5 deep elf demonologists (Elf:3)
  10 bennus
  25 stone giants
  9 vampire knights
  Nessos (Lair:4)
  8 lorocyprocas
  The ghost of Taxman66 the Thaumaturge, a journeyman DjFE of Makhleb (D:8)
  11 red draconians
  8 green draconians
  5 elemental wellsprings
  12 black draconians
  6 deep elf annihilators
  8 entropy weavers
  3 yellow draconians
  A bunyip (Lair:3)
  8 spark wasps
  6 dire elephants
  9 white draconians
  6 purple draconians
  23 mummy priests
  The ghost of Gytoupoy the Impaler, a journeyman TeBe of Trog (D:13)
  7 deep elf death magi
  25 ettins
  23 blizzard demons
  2 eleionomae (Shoals:1)
  A crystal guardian (Vaults:2)
  10 eidola
  An ettin (shapeshifter) (Abyss:4)
  11 fire dragons
  6 merfolk impalers
  6 quicksilver dragon zombies
  20 green deaths
  4 merfolk javelineers
  3 jiangshi
  2 kraken zombies
  4 deep elf high priests
  3 monstrous demonspawn
  7 rakshasas
  12 yaktaur captains
  10 boulder beetles
  5 hell beasts
  2 quicksilver dragon skeletons
  4 ghost crabs
  32 vault guards
  A catoblepas (Lair:6)
  3 ironbound thunderhulks
  4 ogre magi
  A naga warrior (Abyss:3)
  2 peacekeepers
  15 great orbs of eyes
  27 ice dragons
  A salamander tyrant (Depths:5)
  11 ironbound frosthearts
  A caustic shrike simulacrum (IceCv)
  4 death knights
  7 hydras
  6 spriggan air magi
  An anaconda (Depths:3)
  A two-headed ogre (Orc:1)
  5 centaur warriors
  3 merfolk aquamancers
  2 merfolk avatars
  An anaconda (shapeshifter) (D:13)
  2 alligator snapping turtles
  5 satyrs
  16 death yaks
  25 dancing weapons
  45 hell hogs
  5 deep troll shamans
  48 death scarabs
  7 deep troll earth magi
  An orc high priest (Elf:1)
  5 titan zombies
  12 vampire magi
  56 hell knights
  22 thrashing horrors
  6 ironbound beastmasters
  7 tengu warriors
  Nergalle (D:12)
  4 spriggan berserkers
  16 iron golems
  Urug (Orc:2)
  2 shock serpents (shapeshifter)
  9 shadow wraiths
  6 titan skeletons
  36 soul eaters
  3 shock serpents (Pan)
  3 storm dragon zombies
  A fire crab (shapeshifter) (D:14)
  A fire crab (Spider:4)
  17 iron trolls
  21 sixfirhies
  64 sun demons
  5 spatial maelstroms
  9 storm dragon skeletons
  26 wretched stars
  6 golden dragon zombies
  13 deep elf knights
  7 infernal demonspawn
  2 salamander mystics
  5 ghost moth zombies
  12 glowing orange brains
  151 skeletal warriors
  23 anaconda zombies
  16 sea snakes
  An entropy weaver zombie (Crypt:1)
  7 torturous demonspawn
  7 flayed ghosts
  A death drake (Abyss:2)
  A bog body (Crypt:2)
  2 orange crystal statues
  55 deep trolls
  8 golden dragon skeletons
  7 gelid demonspawn (Pan)
  15 shadow demons
  2 deep elf archers
  2 obsidian statues
  33 phantasmal warriors
  22 wizards
  9 orc knights
  6 shadow dragon zombies
  7 frost giant zombies
  A swamp dragon (Depths:3)
  19 deep elf zephyrmancers
  14 necromancers
  19 ironbound convokers
  4 lindwurms
  12 anaconda skeletons
  9 orb spiders
  10 iron dragon zombies
  2 wolf spider zombies
  13 harpies
  A tengu skeleton (Depths:3)
  21 deep elf pyromancers
  17 manticores
  A mana viper (Abyss:4)
  7 oklob plants
  42 wolf spiders
  9 stone giant zombies
  66 ugly things
  5 shadow dragon skeletons
  An orc sorcerer (Vaults:5)
  A shining eye (Slime:5)
  84 starcursed masses
  A wolf spider (shapeshifter) (Vaults:3)
  5 draconians (Abyss:4)
  2 cyclopes
  18 fauns
  7 fire giant zombies
  A will-o-the-wisp (Abyss:1)
  26 moths of wrath
  7 salamanders
  8 worldbinders
  6 shock serpent zombies
  A moth of wrath (shapeshifter) (Vaults:5)
  9 iron dragon skeletons
  3 dire elephant zombies
  An elephant (shapeshifter) (Vaults:5)
  6 stone giant skeletons
  3 black mambas
  2 guardian serpents
  37 rust devils
  10 frost giant skeletons
  12 molten gargoyles
  2 toenail golems
  9 merfolk sirens
  An eye of devastation (Slime:4)
  11 cane toads
  6 fire giant skeletons
  11 vault sentinels
  14 elephants
  An ice statue (Hell)
  7 apocalypse crabs
  A torpor snail (shapeshifter) (Depths:3)
  27 orange demons
  2 storm dragon simulacra (Coc:7)
  3 naga magi (Depths:3)
  6 water nymphs
  A torpor snail (Vaults:2)
  48 smoke demons
  2 titan simulacra (Coc:7)
  2 gargoyles
  A shock serpent skeleton (Geh:3)
  An alligator snapping turtle zombie (Crypt:2)
  5 unseen horrors
  6 dire elephant skeletons
  16 efreet
  An emperor scorpion zombie (Dis:3)
  17 komodo dragons
  A cane toad (shapeshifter) (D:15)
  A sea snake zombie (Hell)
  40 hellions
  An alligator snapping turtle skeleton (Coc:6)
  A black draconian skeleton (Coc:7)
  40 freezing wraiths
  5 anaconda simulacra
  3 rime drakes
  6 entropy weaver simulacra (IceCv)
  25 yaktaurs
  A grey draconian zombie (Crypt:1)
  55 ice devils
  6 tengu conjurers
  23 demonic crawlers
  35 hellwings
  3 silent spectres
  50 tormentors
  46 guardian mummies
  36 red devils
  A sea snake skeleton (Hell)
  21 ancient zymes
  A golden dragon simulacrum (IceCv)
  7 polar bears
  39 jumping spiders
  A yellow draconian skeleton (Crypt:1)
  21 hydra zombies
  6 meliai
  13 wind drakes
  11 trolls
  7 harpy zombies
  6 hydra skeletons
  A wind drake (shapeshifter) (D:13)
  26 merfolk
  A moth of wrath zombie (Crypt:1)
  12 hornets
  A raiju (shapeshifter) (Abyss:1)
  19 blink frogs
  78 slime creatures
  6 ice dragon zombies
  A meliai zombie (D:10)
  2 blink frogs (shapeshifter)
  A harpy skeleton (Coc:6)
  53 raiju
  7 snapping turtles
  A centaur simulacrum (D:14)
  5 ettin zombies
  6 alligator zombies
  A black mamba zombie (Tar:5)
  7 ettin skeletons
  44 shadows
  5 fire dragon zombies
  68 redbacks
  6 spriggans
  37 wraiths
  9 fire dragon skeletons
  2 deep troll skeletons
  6 spriggan simulacra (IceCv)
  An air elemental (Elf:3)
  122 flying skulls
  2 dire elephant simulacra (IceCv)
  42 yaks
  A wyvern (shapeshifter) (Depths:2)
  11 ice dragon skeletons
  48 ynoxinuls
  17 ushabtiu
  5 alligator skeletons
  10 wyverns
  Eustachio (D:4)
  43 water elementals
  Grum (D:10)
  29 tarantellas
  21 fire elementals
  3 basilisks
  5 black mamba skeletons
  A steam dragon (D:10)
  34 neqoxecs
  A golden eye (Abyss:4)
  23 chaos spawn
  A hog (shapeshifter) (Abyss:2)
  2 humans (shapeshifter)
  4 fire bats (Pan)
  95 large abominations
  A merfolk zombie (Coc:3)
  2 vampire mosquitoes (D:13)
  Menkaure (D:5)
  A harpy simulacrum (IceCv)
  4 minotaur simulacra (IceCv)
  A two-headed ogre zombie (Crypt:2)
  52 small abominations
  8 spatial vortices
  A warg (Orc:2)
  A monstrous demonspawn zombie (Dis:7)
  5 cane toad zombies
  2 hydra simulacra (Coc:6)
  2 acid dragons
  69 hell hounds
  An infernal demonspawn zombie (Crypt:2)
  11 water moccasins
  2 nagas (Abyss:3)
  A floating eye (Slime:5)
  A swamp drake (D:9)
  A gelid demonspawn skeleton (Tar:5)
  13 ice beasts
  A faun skeleton (Crypt:2)
  38 orc warriors
  5 black bears
  2 alligator simulacra
  An ettin simulacrum (IceCv)
  2 sky beasts
  4 snapping turtle zombies
  4 cane toad skeletons
  2 swamp dragon zombies
  33 necrophages
  6 ogres
  22 centaurs
  A manticore zombie (Crypt:3)
  34 wolves
  3 manticore skeletons
  3 snapping turtle skeletons
  A tengu (shapeshifter) (Elf:3)
  9 phantoms
  A swamp dragon skeleton (Coc:7)
  A blink frog skeleton (Crypt:1)
  A salamander zombie (Crypt:1)
  7 gnoll sergeants
  6 kobold brigands
  A wyvern zombie (D:6)
  13 bullfrogs
  4 earth elementals
  5 deep troll simulacra (IceCv)
  2 scorpions
  14 wyvern skeletons (Crypt:3)
  A manticore simulacrum (Coc:1)
  A queen bee zombie (Crypt:2)
  2 swamp dragon simulacra
  A water moccasin skeleton (D:4)
  76 wights
  22 killer bees
  A troll zombie (Coc:1)
  2 lindwurm simulacra (IceCv)
  A wolf zombie (Crypt:2)
  5 howler monkeys
  5 electric eels
  A spriggan skeleton (Tar:4)
  A lava snake (Lair:4)
  4 centaur zombies
  3 crimson imps
  2 jellies
  15 quasits
  A wolf skeleton (Crypt:2)
  3 human zombies
  A gnoll shaman (D:7)
  2 hounds (D:6)
  A basilisk zombie (Crypt:1)
  2 centaur skeletons
  2 iguanas
  33 iron imps
  7 orc priests
  Ijyb (D:3)
  18 orc wizards
  2 human skeletons
  2 tengu zombies
  A deep dwarf zombie (Crypt:2)
  A naga skeleton (Crypt:2)
  A hound zombie (D:5)
  2 hound skeletons (D:5)
  47 mummies
  14 gnolls
  4 howler monkey skeletons (D:6)
  7 adders
  18 shadow imps
  22 white imps
  11 ufetubi
  An iguana skeleton (Crypt:2)
  A worm (D:2)
  3 dart slugs
  71 orcs
  3 ball pythons
  5 bats
  5 endoplasms
  6 giant cockroaches
  6 goblins
  6 hobgoblins
  6 jackals (D:1)
  A quokka (D:1)
  4 frilled lizards
  9 kobolds
  An orc zombie (Tar:1)
  A quokka skeleton (Crypt:1)
  10 rats
  A ball lightning (Depths:3)
  3 lurking horrors
  15 starspawn tentacles
  4 tentacles
5318 creatures vanquished.

Vanquished Creatures (collateral kills)
  Antaeus (Coc:7)
  A pandemonium lord (Pan)
  Arachne (Spider:3)
  2 Tzitzimimeh (Tar:7)
  2 Orb Guardians (Zot:5)
  A tentacled monstrosity (Pan)
  An Ice Fiend (Coc:7)
  A Hell Sentinel (Abyss:4)
  A deep elf blademaster (Elf:3)
  A lich (Tar:7)
  A deep elf master archer (Elf:3)
  A daeva (Abyss:4)
  2 draconian monks (Abyss:4)
  A rockslime (Spider:3)
  2 balrugs (Pan)
  A cacodemon (Pan)
  4 reapers
  A black sun (Pan)
  A corrupter (Pan)
  2 blizzard demons (Coc:7)
  A green death (Abyss:4)
  A crystal guardian (Vaults:4)
  A hydra (Lair:2)
  2 ice dragons
  A peacekeeper (Vaults:4)
  A death yak (Lair:5)
  4 thrashing horrors (Abyss:4)
  A soul eater (Pan)
  3 sun demons
  A hell knight (Geh:7)
  A death drake (shapeshifter) (D:13)
  An orb spider (Spider:3)
  A wolf spider (Spider:2)
  2 orange demons (Pan)
  A demonic crawler (Spider:2)
  An efreet (Geh:7)
  An ettin zombie (Tar:7)
  A raiju (Abyss:4)
  A redback (Spider:2)
  3 shadows (Tar:7)
  A tarantella (Spider:3)
  A basilisk (Lair:3)
  A hog (shapeshifter) (D:13)
  3 large abominations
  2 neqoxecs (D:13)
  A warg (Vaults:5)
  A sky beast (shapeshifter) (D:13)
  2 necrophages
  A deep troll simulacrum (IceCv)
  A killer bee (shapeshifter) (D:13)
  2 starcursed masses (Abyss:4)
  A gnoll (D:9)
  2 orcs
76 creatures vanquished.

Vanquished Creatures (others)
  A pandemonium lord (Pan)
  Nikola (Shoals:4)
  2 eldritch tentacles (Pan)
  An Executioner (Pan)
  A draconian knight (Zot:2)
  2 balrugs
  2 draconian annihilators
  A red draconian (Depths:5)
  A dancing weapon (Depths:3)
  A soul eater (Hell)
  A deep elf knight (Elf:3)
  2 wizards
  A deep elf zephyrmancer (Elf:3)
  5 large abominations
  An orb spider (Spider:1)
  An unseen horror (D:8)
  A hellwing (Pan)
  A demonic crawler (Hell)
  A flying skull (Geh:3)
  An ushabti (Tomb:2)
  A neqoxec (Abyss:4)
  A warg (Vaults:5)
  3 small abominations
  An ice beast (Abyss:4)
  A wolf (Spider:4)
  A killer bee (D:8)
  A wight (Geh:4)
  An orc (D:3)
  A ball python (D:9)
  A frilled lizard (D:9)
  An orc skeleton (Geh:3)
  10 ball lightnings
  A bush (D:15)
  2 foxfires (Abyss:1)
  80 fungi
  3 lurking horrors (Abyss:4)
  200 plants
  54 starspawn tentacles
  19 tentacles
  11 withered plants (Crypt:3)
421 creatures vanquished.

Grand Total: 5815 creatures vanquished

Notes
Turn   | Place    | Note
-------+----------+-------------------------------------------
     0 | D:1      | DispaterIsMyDaddy the Demonspawn Gladiator began the quest
                  | for the Orb.
     0 | D:1      | Reached XP level 1. HP: 16/16 MP: 1/1
    91 | D:1      | Gained mutation: You are partially covered in large bone
                  | plates. (SH +4) [demonic ancestry]
    91 | D:1      | Reached XP level 2. HP: 11/22 MP: 2/2
   529 | D:1      | Found a faded altar of an unknown god.
   533 | D:1      | Became a worshipper of Nemelex Xobeh the Trickster
   533 | D:1      | Reached * piety under Nemelex Xobeh
   557 | D:1      | Reached XP level 3. HP: 23/27 MP: 3/3
   893 | D:1      | Received a gift from Nemelex Xobeh
  1299 | D:1      | Reached skill level 1 in Invocations
  1701 | D:2      | Reached XP level 4. HP: 32/33 MP: 5/5
  1963 | D:2      | Reached ** piety under Nemelex Xobeh
  2323 | D:2      | Reached skill level 2 in Invocations
  2466 | D:2      | Reached skill level 1 in Armour
  2569 | D:3      | Found a broken altar of Ashenzari.
  2569 | D:3      | Found a blossoming altar of Fedhas.
  2571 | D:3      | Found a sparkling altar of Nemelex Xobeh.
  2572 | D:3      | Found a stormy altar of Qazlal.
  2955 | D:3      | Gained mutation: You have sharp toenails. [demonic
                  | ancestry]
  2955 | D:3      | Reached XP level 5. HP: 39/39 MP: 6/6
  3809 | D:4      | Noticed Ijyb
  3960 | D:3      | Killed Ijyb
  4391 | D:4      | Found an iron altar of Okawaru.
  4416 | D:4      | Reached skill level 3 in Invocations
  4416 | D:4      | Reached XP level 6. HP: 20/47 MP: 6/8
  4924 | D:4      | Noticed Eustachio
  4945 | D:4      | Killed Eustachio
  4946 | D:4      | Reached skill level 5 in Long Blades
  4946 | D:4      | Gained mutation: You are partially covered in sharp spines.
                  | [demonic ancestry]
  4946 | D:4      | Reached XP level 7. HP: 36/53 MP: 9/9
  5305 | D:5      | Entered Level 5 of the Dungeon
  5311 | D:5      | Reached *** piety under Nemelex Xobeh
  5321 | D:5      | Found Holesizy's Specific Store.
  5321 | D:5      | Found Ittauts's General Store.
  5385 | D:5      | Noticed Menkaure
  5717 | D:5      | Reached skill level 1 in Stealth
  5728 | D:5      | Reached skill level 4 in Invocations
  5977 | D:5      | Killed Menkaure
  6287 | D:5      | Found a hazy altar of Hepliaklqana.
  6450 | D:5      | Reached XP level 8. HP: 44/60 MP: 11/11
  6452 | D:5      | Gained mutation: You are agile. (Dex +2) [potion of
                  | mutation]
  6452 | D:5      | Gained mutation: Your mind is acute. (Int +2) [potion of
                  | mutation]
  6891 | D:6      | Found Ifore's CLEARANCE SALE! EVERYTHING MUST GO!.
  6902 | D:6      | Reached skill level 1 in Shields
  6905 | D:6      | Bought a scroll of identify for 12 gold pieces
  6933 | D:6      | Reached skill level 5 in Invocations
  7197 | D:6      | Received a gift from Nemelex Xobeh
  7357 | D:6      | Learned a level 2 spell: Wereblood
  7801 | D:6      | Gained mutation: A meltable shield of frost defends you.
                  | (SH +4) [demonic ancestry]
  7801 | D:6      | Reached XP level 9. HP: 55/66 MP: 12/12
  7932 | D:7      | Reached **** piety under Nemelex Xobeh
  8181 | D:7      | Reached skill level 5 in Fighting
  8345 | D:7      | Found a hide-covered altar of Uskayaw.
  8758 | D:7      | Found a staircase to the Ecumenical Temple.
  8767 | D:7      | Received a gift from Nemelex Xobeh
  8793 | D:7      | Noticed a green ugly thing
  8868 | D:7      | Killed a green ugly thing
  9416 | D:8      | Noticed Joseph
  9421 | D:8      | Noticed Joseph
  9421 | D:8      | Joseph changed into Joseph the bullfrog
  9423 | D:8      | Killed Joseph the bullfrog
  9634 | D:8      | Received a gift from Nemelex Xobeh
  9774 | D:8      | Gained mutation: A meltable icy envelope protects you from
                  | harm. (AC +8) [demonic ancestry]
  9774 | D:8      | Reached XP level 10. HP: 65/76 MP: 13/13
  9897 | D:8      | Found a staircase to the Lair.
  9935 | D:8      | Found a runed translucent gate.
  9935 | D:8      | Found an opulent altar of Gozag.
  9936 | D:8      | Found a runed translucent gate.
  9936 | D:8      | Found a runed translucent gate.
  9936 | D:8      | Noticed Taxman66's ghost (journeyman DjFE)
 10190 | D:9      | Found a transporter.
 10192 | D:9      | Found a transporter.
 10230 | D:9      | Reached skill level 10 in Long Blades
 10953 | D:9      | Reached skill level 5 in Dodging
 11062 | D:9      | Identified the +0 plate armour of Ru's Outrage {rElec Str+4
                  | Int-2}
 11066 | D:9      | Found an ancient bone altar of Kikubaaqudgha.
 11093 | D:9      | Found a basalt altar of Yredelemnul.
 11093 | D:9      | Noticed a death knight
 11340 | D:9      | Received a gift from Nemelex Xobeh
 11419 | D:10     | Entered Level 10 of the Dungeon
 11426 | D:10     | Reached skill level 1 in Evocations
 11436 | D:10     | Found a shimmering blue altar of Sif Muna.
 11741 | D:5      | Bought the +0 pair of fencer's gloves {Riposte Dex+3} for
                  | 520 gold pieces
 11741 | D:5      | Found the +0 pair of fencer's gloves {Riposte Dex+3}
 11793 | Lair:1   | Entered Level 1 of the Lair of Beasts
 11823 | Lair:1   | Noticed a cane toad
 11830 | Lair:1   | Killed a cane toad
 11838 | Lair:1   | Gained mutation: You have razor-sharp toenails. [demonic
                  | ancestry]
 11838 | Lair:1   | Reached XP level 11. HP: 71/84 MP: 14/14
 12016 | Lair:1   | Received a gift from Nemelex Xobeh
 12381 | Lair:1   | Reached ***** piety under Nemelex Xobeh
 13505 | Lair:2   | Noticed an oklob plant
 13506 | Lair:2   | Received a gift from Nemelex Xobeh
 13506 | Lair:2   | Noticed an oklob plant
 13506 | Lair:2   | Noticed an oklob plant
 13649 | Lair:2   | You are sucked into a shaft and drop 1 floor!
 13658 | Lair:3   | Reached skill level 1 in Spellcasting
 13928 | Lair:2   | Noticed a six-headed hydra
 13941 | Lair:2   | Killed a six-headed hydra
 14189 | Lair:2   | Received a gift from Nemelex Xobeh
 14343 | Lair:2   | Found a hole to the Spider Nest.
 14442 | Lair:3   | Gained mutation: You have claws for feet. [demonic
                  | ancestry]
 14442 | Lair:3   | Reached XP level 12. HP: 45/93 MP: 15/15
 14643 | Lair:3   | Identified the +11 great sword of Mugopninow {venom, Fly}
 14794 | Lair:3   | Identified the +6 trident "Ceuwnyag" {distort, rElec rC+}
 14854 | Lair:3   | Noticed a five-headed hydra
 14867 | Lair:3   | Noticed a bunyip
 14867 | Lair:3   | a five-headed hydra changed into a bunyip
 14870 | Lair:3   | Killed a bunyip
 15170 | Lair:3   | Received a gift from Nemelex Xobeh
 15775 | Lair:4   | Noticed a death yak
 15779 | Lair:4   | Noticed a death yak
 15780 | Lair:4   | Noticed a death yak
 15781 | Lair:4   | Noticed a death yak
 15781 | Lair:4   | Noticed a death yak
 15781 | Lair:4   | Noticed a death yak
 15799 | Lair:4   | Killed a death yak
 15801 | Lair:4   | Killed a death yak
 15820 | Lair:4   | Killed a death yak
 15838 | Lair:4   | Killed a death yak
 15863 | Lair:4   | Killed a death yak
 15867 | Lair:4   | Killed a death yak
 16096 | Lair:4   | Noticed a four-headed hydra
 16100 | Lair:4   | Killed a four-headed hydra
 16180 | Lair:4   | Reached skill level 6 in Invocations
 16185 | Lair:4   | Reached XP level 13. HP: 78/101 MP: 19/19
 16288 | Lair:4   | Received a gift from Nemelex Xobeh
 16618 | Lair:4   | Found a staircase to the Shoals.
 16696 | Lair:4   | Noticed Nessos
 16719 | Lair:4   | Killed Nessos
 16876 | Lair:5   | Received a gift from Nemelex Xobeh
 16885 | Lair:5   | Reached skill level 15 in Long Blades
 17016 | Lair:5   | Reached skill level 7 in Invocations
 17346 | Lair:5   | Reached skill level 10 in Fighting
 17824 | Lair:5   | Reached skill level 5 in Spellcasting
 18008 | Lair:5   | Received a gift from Nemelex Xobeh
 18189 | Lair:6   | Entered Level 6 of the Lair of Beasts
 18193 | Lair:6   | Found a blossoming altar of Fedhas.
 18375 | Lair:6   | Reached ****** piety under Nemelex Xobeh
 18384 | Lair:6   | Reached skill level 8 in Invocations
 18743 | Lair:6   | Noticed a spark wasp
 18743 | Lair:6   | a five-headed hydra changed into a spark wasp
 18746 | Lair:6   | Killed a spark wasp
 18820 | Lair:6   | Reached XP level 14. HP: 52/111 MP: 22/22
 19125 | Lair:6   | Reached skill level 9 in Invocations
 19347 | Lair:6   | Received a gift from Nemelex Xobeh
 19396 | Lair:6   | Reached skill level 1 in Transmutations
 19797 | Lair:6   | Received a gift from Nemelex Xobeh
 20349 | D:8      | Killed Taxman66's ghost
 20756 | D:10     | Noticed Grum
 20765 | D:10     | Killed Grum
 21160 | D:11     | Found a staircase to the Orcish Mines.
 21346 | D:11     | Received a gift from Nemelex Xobeh
 21669 | Orc:1    | Entered Level 1 of the Orcish Mines
 21789 | Orc:1    | Received a gift from Nemelex Xobeh
 21920 | Orc:2    | Entered Level 2 of the Orcish Mines
 22767 | Orc:2    | Noticed Urug
 22779 | Orc:2    | Killed Urug
 22866 | Orc:2    | Found a staircase to the Elven Halls.
 22886 | Orc:2    | Received a gift from Nemelex Xobeh
 22892 | Orc:2    | Found Benlol's Book Shop.
 23235 | Orc:2    | Found Duuroel's Antique Armour Boutique.
 23235 | Orc:2    | Found Xokuef's Jewellery Emporium.
 23235 | Orc:2    | Found Ruur's Book Shoppe.
 23238 | Orc:2    | Found Loifys's General Store.
 23493 | Orc:2    | Found Wamasofuzo's Self-Improvement Boutique.
 23501 | Orc:2    | Bought a manual of Invocations for 960 gold pieces
 23823 | Orc:1    | Reached skill level 10 in Invocations
 23907 | Elf:1    | Entered Level 1 of the Elven Halls
 24114 | Spider:1 | Entered Level 1 of the Spider Nest
 24862 | Spider:1 | Reached skill level 11 in Invocations
 25009 | Spider:1 | Gained mutation: You are mostly covered in large bone
                  | plates. (SH +6) [demonic ancestry]
 25009 | Spider:1 | Reached XP level 15. HP: 112/120 MP: 23/23
 25108 | Spider:1 | Received a gift from Nemelex Xobeh
 25480 | Spider:1 | Reached skill level 5 in Shields
 26047 | Spider:2 | Reached skill level 5 in Armour
 26775 | Spider:2 | Reached skill level 12 in Invocations
 27287 | Spider:1 | Identified a scroll of acquirement
 27287 | Spider:1 | Acquired 768 gold pieces
 27325 | Spider:2 | Got Nozaser's Reference Book on Flamy Venom
 27762 | Spider:2 | Received a gift from Nemelex Xobeh
 28122 | Spider:3 | Noticed Arachne
 28133 | Spider:3 | Killed Arachne
 28203 | Spider:3 | Noticed Bai Suzhen
 28247 | Spider:3 | Found a frozen archway.
 28254 | IceCv    | Entered an ice cave
 29580 | IceCv    | Noticed an Ice Fiend
 29741 | IceCv    | Reached skill level 13 in Invocations
 30018 | IceCv    | Received a gift from Nemelex Xobeh
 30308 | Spider:3 | Noticed Bai Suzhen
 30308 | Spider:3 | Bai Suzhen changed into Bai Suzhen the rockslime
 30316 | Spider:3 | Killed Bai Suzhen the rockslime
 30317 | Spider:3 | Reached skill level 5 in Stealth
 30550 | Spider:3 | Reached XP level 16. HP: 131/131 MP: 25/25
 30843 | Orc:2    | Bought a manual of Armour for 960 gold pieces
 31934 | Elf:1    | Reached skill level 14 in Invocations
 32269 | Elf:1    | Received a gift from Nemelex Xobeh
 32275 | Elf:1    | You are sucked into a shaft and drop 1 floor!
 32513 | Elf:2    | Found Foysej's Antique Armour Boutique.
 32658 | Elf:2    | Found a runed translucent gate.
 32660 | Elf:2    | Found a runed translucent gate.
 32661 | Elf:2    | Found a runed translucent gate.
 32796 | Elf:2    | Found a portal to a secret trove of treasure.
 32848 | Elf:2    | Identified the +8 chain mail of the Solstice {rC+ Regen+
                  | rCorr SInv}
 33049 | Elf:3    | Entered Level 3 of the Elven Halls
 33199 | Elf:3    | Received a gift from Nemelex Xobeh
 33583 | Elf:3    | Noticed a deep elf master archer
 33597 | Elf:3    | Killed a deep elf master archer
 33604 | Elf:3    | Noticed a deep elf master archer
 33605 | Elf:3    | Paralysed by an air elemental for 1 turns
 33606 | Elf:3    | Killed a deep elf master archer
 33607 | Elf:3    | Noticed a deep elf blademaster
 33624 | Elf:3    | Killed a deep elf blademaster
 33629 | Elf:3    | Killed a ghostly deep elf master archer
 33699 | Elf:3    | Identified the +10 falchion of Offence {venom, *Noise
                  | +Blink rF+ Str+3}
 33721 | Elf:3    | Reached XP level 17. HP: 124/139 MP: 28/28
 33742 | Elf:3    | Cast into level 2 of the Abyss (a deep elf demonologist)
 33750 | Abyss:2  | Found a corrupted altar of Lugonu.
 33928 | Abyss:2  | Noticed a bone dragon
 33940 | Abyss:2  | Killed a bone dragon
 33941 | Abyss:2  | Reached skill level 15 in Invocations
 34085 | Abyss:2  | Received a gift from Nemelex Xobeh
 34248 | Elf:3    | Escaped the Abyss
 34256 | Elf:3    | Identified the ring "Wifatimp" {rF++ rC+ Str+5 SInv}
 34257 | Elf:3    | Identified the +4 morningstar "Qauneck" {drain, Contam
                  | rCorr Dex+5}
 34280 | Elf:3    | Identified the ring "Ybonk" {*Slow Fly rF+ Dex+6}
 34280 | Elf:3    | Noticed a deep elf blademaster
 34315 | Elf:3    | Identified the ring "Roantor" {Fly rN+ rCorr Stlth-}
 34315 | Elf:3    | Identified the +7 mace "Dudaerado" {flame, *Corrode rElec
                  | rN+ Dex+3}
 34315 | Elf:3    | Identified the ring of Qedu {Str+6 Int+4}
 34320 | Elf:3    | Killed a deep elf blademaster
 34423 | Elf:3    | Reached skill level 10 in Armour
 34451 | Elf:3    | Noticed a Hell Sentinel
 34481 | Elf:3    | Got Xem Ore's Almanac of the Ensnaring Entourage
 34493 | Elf:3    | Found the +8 orange crystal plate armour {Archmagi, Int+3
                  | Clar}
 34494 | Elf:3    | Identified the -1 pair of gloves of the Beggar {Drain rN+
                  | Str+4}
 34510 | Elf:3    | Identified the +0 fire dragon scales of Horaos Nuant {rElec
                  | rF++ rC- Dex+2}
 34911 | Elf:2    | Noticed a deep elf blademaster
 34922 | Elf:2    | Killed a deep elf blademaster
 35177 | Elf:2    | Received a gift from Nemelex Xobeh
 35264 | Elf:2    | Reached skill level 16 in Invocations
 35274 | Elf:2    | Reached skill level 10 in Dodging
 35947 | Spider:3 | Received a gift from Nemelex Xobeh
 36241 | Spider:3 | Learned a level 5 spell: Manifold Assault
 36284 | Spider:3 | Noticed Agnes
 36290 | Spider:3 | Killed Agnes
 36291 | Spider:3 | Reached skill level 15 in Fighting
 36467 | Spider:4 | Entered Level 4 of the Spider Nest
 36630 | Spider:4 | Reached skill level 1 in Translocations
 36766 | Spider:4 | Gained mutation: You are completely covered in large bone
                  | plates. (SH +8) [demonic ancestry]
 36766 | Spider:4 | Reached XP level 18. HP: 117/149 MP: 30/30
 37174 | Spider:4 | Got a gossamer rune of Zot
 37413 | Spider:4 | Received a gift from Nemelex Xobeh
 37422 | Spider:4 | Reached skill level 17 in Invocations
 37731 | Shoals:1 | Entered Level 1 of the Shoals
 37731 | Shoals:1 | Noticed Louise
 37745 | Shoals:1 | Killed Louise
 37837 | Shoals:1 | Identified the +1 scale mail of Ofef Bybehyu {*Slow Will+
                  | Str+4}
 37934 | Shoals:1 | Received a gift from Nemelex Xobeh
 38289 | Shoals:1 | Identified the amulet "Hakotoll" {Reflect rPois rC+ Str-2
                  | SH+5}
 38419 | Shoals:1 | Received a gift from Nemelex Xobeh
 38784 | Shoals:2 | Received a gift from Nemelex Xobeh
 40029 | Shoals:3 | Received a gift from Nemelex Xobeh
 40142 | Shoals:3 | Found Weuwu's Antique Armour Shop.
 40306 | Shoals:4 | Entered Level 4 of the Shoals
 40652 | Shoals:4 | Reached skill level 18 in Invocations
 40703 | Shoals:4 | Gained mutation: Your presence sometimes corrodes those you
                  | injure. [demonic ancestry]
 40703 | Shoals:4 | Reached XP level 19. HP: 145/157 MP: 32/32
 40772 | Shoals:4 | Got a barnacled rune of Zot
 40777 | Shoals:4 | Noticed Nikola
 40788 | Shoals:4 | Killed Nikola
 40948 | Shoals:4 | Received a gift from Nemelex Xobeh
 41742 | D:12     | Noticed Nergalle
 41754 | D:12     | Killed Nergalle
 41820 | D:12     | Found Ugadauso's Antique Weapon Shoppe.
 41967 | D:12     | Received a gift from Nemelex Xobeh
 42295 | D:13     | Received a gift from Nemelex Xobeh
 42318 | D:13     | Reached skill level 5 in Translocations
 42414 | D:13     | Found a runed translucent gate.
 42414 | D:13     | Found a runed translucent gate.
 42414 | D:13     | Found a runed translucent gate.
 42449 | D:13     | Found a runed translucent gate.
 42449 | D:13     | Found a runed translucent gate.
 42451 | D:13     | Noticed Gytoupoy's ghost (journeyman TeBe)
 42453 | D:13     | Found a runed translucent gate.
 42478 | D:13     | Killed Gytoupoy's ghost
 43058 | D:13     | Found a gate to the Vaults.
 43222 | D:13     | Received a gift from Nemelex Xobeh
 43472 | Orc:2    | Bought a manual of Shields for 960 gold pieces
 44296 | D:14     | Reached skill level 10 in Shields
 44458 | D:15     | Entered Level 15 of the Dungeon
 44509 | D:15     | Found a staircase to the Depths.
 44829 | D:15     | Received a gift from Nemelex Xobeh
 45356 | Depths:1 | Entered Level 1 of the Depths
 45432 | Depths:1 | Found the +10 tower shield of Ignorance {rN+ Int-4}
 45533 | Depths:1 | Identified the amulet "Huki" {RegenMP rN+ Str+2 Dex-3}
 45564 | Depths:1 | Identified the ring of Noon {Wiz rF+ Dex+5 Slay-4}
 45686 | Depths:1 | Found Hicuming's Armour Boutique.
 45707 | Depths:1 | Gained mutation: Your presence sometimes corrodes or
                  | deforms those you injure. [demonic ancestry]
 45707 | Depths:1 | Reached XP level 20. HP: 165/165 MP: 33/33
 45832 | Depths:1 | Found a gateway to Hell.
 45935 | Depths:1 | Found a gateway to a ziggurat.
 45937 | Depths:1 | Received a gift from Nemelex Xobeh
 46047 | Depths:1 | Reached skill level 15 in Shields
 46854 | Vaults:1 | Entered Level 1 of the Vaults
 46854 | Vaults:1 | Received a gift from Nemelex Xobeh
 48036 | Vaults:1 | Received a gift from Nemelex Xobeh
 48277 | Vaults:2 | Found Nabagor's Antique Weapon Shoppe.
 48287 | Vaults:2 | Found Wostraeb's Magic Scroll Shop.
 48296 | Vaults:2 | Bought a scroll of enchant armour for 135 gold pieces
 48296 | Vaults:2 | Bought a scroll of enchant weapon for 135 gold pieces
 48451 | Vaults:2 | Reached skill level 1 in Short Blades
 48563 | Vaults:2 | Reached skill level 5 in Short Blades
 48624 | Vaults:2 | Noticed Donald
 48656 | Vaults:2 | Killed Donald
 48892 | Vaults:2 | Received a gift from Nemelex Xobeh
 48952 | Vaults:2 | Found a transporter.
 48961 | Vaults:2 | Found a transporter.
 49017 | Vaults:2 | Reached skill level 10 in Short Blades
 49017 | Vaults:2 | Reached XP level 21. HP: 99/171 MP: 27/34
 49381 | Vaults:2 | Received a gift from Nemelex Xobeh
 49381 | Vaults:2 | Found Ypseph's Book Emporium.
 49493 | Vaults:2 | Found Con Yfef's Assorted Antiques.
 49630 | Vaults:2 | Found a staircase to the Crypt.
 49630 | Vaults:2 | Found a basalt altar of Yredelemnul.
 49631 | Vaults:2 | Found an ancient bone altar of Kikubaaqudgha.
 50262 | Vaults:3 | Received a gift from Nemelex Xobeh
 50408 | Vaults:3 | Cast into level 2 of the Abyss (a wizard)
 50474 | Vaults:3 | Escaped the Abyss
 50491 | Vaults:3 | Reached skill level 15 in Armour
 50718 | Vaults:3 | Cast into level 2 of the Abyss (a wizard)
 50766 | Abyss:2  | Found a corrupted altar of Lugonu.
 50766 | Abyss:2  | Received a gift from Nemelex Xobeh
 50875 | Abyss:2  | Noticed a profane servitor
 50903 | Abyss:2  | Killed a profane servitor
 51076 | Abyss:2  | Gained mutation: You do not regenerate when monsters are
                  | visible. [a neqoxec]
 51100 | Abyss:2  | Received a gift from Nemelex Xobeh
 51191 | Abyss:2  | Gained mutation: You are mostly covered in sharp spines.
                  | [demonic ancestry]
 51191 | Abyss:2  | Reached XP level 22. HP: 178/178 MP: 35/35
 51220 | Vaults:3 | Escaped the Abyss
 51449 | Vaults:3 | Received a gift from Nemelex Xobeh
 51586 | Vaults:3 | Paralysed by a great orb of eyes for 6 turns
 52062 | Vaults:4 | Reached skill level 10 in Stealth
 52142 | Vaults:4 | Noticed Jory
 52157 | Vaults:4 | Killed Jory
 52453 | Vaults:4 | Noticed Xtahua
 52470 | Vaults:4 | Killed Xtahua
 52570 | Vaults:4 | Found a huge runed gate.
 52570 | Vaults:4 | Found a huge runed gate.
 52570 | Vaults:4 | Found a huge runed gate.
 52570 | Vaults:4 | Found a huge runed gate.
 52570 | Vaults:4 | Found a huge runed gate.
 52575 | Vaults:4 | Found a huge runed gate.
 52575 | Vaults:4 | Found a huge runed gate.
 52575 | Vaults:4 | Found a huge runed gate.
 52575 | Vaults:4 | Found a huge runed gate.
 52575 | Vaults:4 | Found a huge runed gate.
 52594 | Vaults:4 | Found a huge runed gate.
 52594 | Vaults:4 | Found a huge runed gate.
 52595 | Vaults:4 | Found a huge runed gate.
 52711 | Vaults:4 | Received a gift from Nemelex Xobeh
 53275 | Vaults:4 | Lost mutation: You are agile. (Dex +2) [potion of mutation]
 53275 | Vaults:4 | Gained mutation: Your magical capacity is low. (-10% MP)
                  | [potion of mutation]
 53275 | Vaults:4 | Gained mutation: You evolve. [potion of mutation]
 53276 | Vaults:4 | Lost mutation: Your magical capacity is low. (-10% MP)
                  | [potion of mutation]
 53276 | Vaults:4 | Lost mutation: Your mind is acute. (Int +2) [potion of
                  | mutation]
 53276 | Vaults:4 | Lost mutation: You do not regenerate when monsters are
                  | visible. [potion of mutation]
 53276 | Vaults:4 | Gained mutation: Your spells are a little harder to cast,
                  | but a little more powerful. [potion of mutation]
 53276 | Vaults:4 | Gained mutation: Your flesh is heat resistant. (rF+)
                  | [potion of mutation]
 53276 | Vaults:4 | Gained mutation: Potions are less effective at restoring
                  | your health. [potion of mutation]
 53298 | Vaults:5 | Entered Level 5 of the Vaults
 53335 | Vaults:5 | Found Fiasicwu's Magic Scroll Emporium.
 53461 | Vaults:5 | Bought a scroll of acquirement for 988 gold pieces
 53461 | Vaults:5 | Acquired a manual of Dodging
 53568 | Vaults:5 | Received a gift from Nemelex Xobeh
 53705 | Vaults:5 | Noticed an ancient lich
 53726 | Vaults:5 | Killed an ancient lich
 53727 | Vaults:5 | Gained mutation: A meltable icy envelope protects you from
                  | harm. (AC +8) [demonic ancestry]
 53727 | Vaults:5 | Reached XP level 23. HP: 167/190 MP: 36/36
 53875 | Vaults:5 | Got a silver rune of Zot
 54137 | Vaults:5 | Identified the +6 short sword of Equilibrium {pain, Fly
                  | Str+2 SInv}
 54322 | Vaults:5 | Identified the +3 falchion of the Solstice {vorpal, rF+
                  | Will+ Str+3 Dex-2}
 54540 | Vaults:5 | Got the Collected Works on Mutagenic Flight
 54613 | Vaults:5 | Identified the +10 short sword "Renun" {protect, Will-
                  | Int+5}
 54613 | Vaults:5 | Identified the ring "Dyggabul" {AC+4 Str+5}
 54714 | Vaults:5 | Identified the ring of Sunlight {rCorr Str-3 Int+7 SInv}
 54839 | Vaults:4 | Paralysed by an ogre mage for 2 turns
 54974 | Vaults:4 | Reached skill level 15 in Dodging
 54991 | Vaults:5 | Paralysed by an ogre mage for 4 turns
 55093 | Vaults:5 | Received a gift from Nemelex Xobeh
 55121 | Vaults:5 | Got the Incunabulum of Ashen Cold
 55126 | Vaults:5 | Identified the ring "Faudghai" {+Blink rF++ EV+4 Stlth+}
 55438 | Crypt:1  | Entered Level 1 of the Crypt
 55458 | Crypt:1  | Lost mutation: You evolve. [evolution]
 55954 | Crypt:1  | Received a gift from Nemelex Xobeh
 56409 | Crypt:1  | Received a gift from Nemelex Xobeh
 56802 | Crypt:2  | Received a gift from Nemelex Xobeh
 56803 | Crypt:2  | Noticed Margery
 56818 | Crypt:2  | Killed Margery
 56984 | Crypt:2  | Gained mutation: You can speak a Word of Chaos. [demonic
                  | ancestry]
 56984 | Crypt:2  | Reached XP level 24. HP: 190/192 MP: 36/36
 56995 | Crypt:2  | Paralysed by a vampire knight for 7 turns
 57246 | Crypt:2  | Noticed Mara
 57256 | Crypt:2  | Killed Mara
 57354 | Crypt:2  | Paralysed by a vampire knight for 3 turns
 57518 | Crypt:2  | Received a gift from Nemelex Xobeh
 57732 | Crypt:3  | Entered Level 3 of the Crypt
 57869 | Crypt:3  | Received a gift from Nemelex Xobeh
 58416 | Crypt:3  | Found a basalt altar of Yredelemnul.
 58673 | Crypt:3  | Got the Papyrus of Necromancy
 58835 | Crypt:3  | Received a gift from Nemelex Xobeh
 59051 | Crypt:3  | Found a staircase to the Tomb.
 59551 | Crypt:3  | Identified the ring "Quaxt" {rPois MP-9 Dex+8}
 60210 | Depths:2 | Reached skill level 19 in Invocations
 60327 | Depths:2 | Acquired a manual of Necromancy
 60366 | Depths:2 | Reached skill level 1 in Necromancy
 60563 | Depths:2 | Reached skill level 5 in Necromancy
 60710 | Depths:2 | Identified the +6 scale mail "Seulun" {rElec rPois rCorr
                  | Str-4 Dex+4}
 61186 | Depths:3 | Reached skill level 20 in Invocations
 61222 | Depths:3 | Gained mutation: You are completely covered in sharp
                  | spines. [demonic ancestry]
 61222 | Depths:3 | Reached XP level 25. HP: 157/206 MP: 37/37
 61307 | Depths:3 | Found a large runed translucent door.
 61308 | Depths:3 | Found a large runed translucent door.
 61431 | Depths:3 | Found a sacrificial altar of Ru.
 61431 | Depths:3 | Received a gift from Nemelex Xobeh
 61537 | Depths:3 | Reached skill level 10 in Necromancy
 61717 | Depths:3 | Found a one-way gate leading to the halls of Pandemonium.
 61931 | Depths:3 | Reached skill level 21 in Invocations
 62154 | Depths:3 | Got Sif Muna's Disquisition on Bewitching Moulding
 62297 | Depths:4 | Received a gift from Nemelex Xobeh
 62409 | Depths:4 | Noticed a juggernaut
 62434 | Depths:4 | Killed a juggernaut
 62435 | Depths:4 | Reached skill level 22 in Invocations
 62578 | Depths:4 | Acquired the amulet of Hossonoz {Reflect Fly rF- Will++
                  | SH+5}
 62580 | Depths:4 | Noticed a juggernaut
 62692 | Depths:4 | Noticed a juggernaut
 62706 | Depths:4 | Killed a juggernaut
 62890 | Depths:4 | Noticed a juggernaut
 62927 | Depths:4 | Identified the +0 ring mail of Forking Paths {rC+}
 62934 | Depths:4 | Cast into level 3 of the Abyss (a deep elf sorcerer)
 62934 | Abyss:3  | Found a corrupted altar of Lugonu.
 63010 | Abyss:3  | Received a gift from Nemelex Xobeh
 63031 | Abyss:3  | Noticed an ancient lich
 63052 | Abyss:3  | Killed an ancient lich
 63053 | Abyss:3  | Reached skill level 23 in Invocations
 63190 | Abyss:3  | Gained mutation: Your body sometimes deteriorates upon
                  | taking damage. [a neqoxec]
 63213 | Abyss:4  | Found a transporter.
 63213 | Abyss:4  | Received a gift from Nemelex Xobeh
 63294 | Abyss:4  | HP: 11/277 [black draconian stormcaller/bolt of lightning
                  | (36)]
 63394 | Abyss:4  | Identified the +4 executioner's axe "Aluigus" {vorpal,
                  | *Corrode rF++ Str+3 Stlth+}
 63396 | Abyss:4  | Lost mutation: Your body sometimes deteriorates upon taking
                  | damage. [potion of mutation]
 63396 | Abyss:4  | Lost mutation: Your spells are a little harder to cast, but
                  | a little more powerful. [potion of mutation]
 63396 | Abyss:4  | Gained mutation: You are frail. (-10% HP) [potion of
                  | mutation]
 63396 | Abyss:4  | Gained mutation: Your body sometimes deteriorates upon
                  | taking damage. [potion of mutation]
 63396 | Abyss:4  | Gained mutation: You are weak. (Str -2) [potion of
                  | mutation]
 63397 | Abyss:4  | Lost mutation: Your body sometimes deteriorates upon taking
                  | damage. [potion of mutation]
 63397 | Abyss:4  | Lost mutation: You are frail. (-10% HP) [potion of
                  | mutation]
 63397 | Abyss:4  | Gained mutation: You are dopey. (Int -2) [potion of
                  | mutation]
 63397 | Abyss:4  | Gained mutation: You expend magic power (3 MP) to
                  | strengthen your wands. [potion of mutation]
 63397 | Abyss:4  | Gained mutation: You possess an exceptional clarity of
                  | mind. [potion of mutation]
 63401 | Abyss:4  | Lost mutation: You are weak. (Str -2) [potion of mutation]
 63401 | Abyss:4  | Lost mutation: You expend magic power (3 MP) to strengthen
                  | your wands. [potion of mutation]
 63401 | Abyss:4  | Gained mutation: You are robust. (+10% HP) [potion of
                  | mutation]
 63401 | Abyss:4  | Gained mutation: You are weak. (Str -2) [potion of
                  | mutation]
 63401 | Abyss:4  | Gained mutation: You are very dopey. (Int -4) [potion of
                  | mutation]
 63401 | Abyss:4  | Gained mutation: You have a pair of small antennae on your
                  | head. [potion of mutation]
 63425 | Abyss:4  | Found a transporter.
 63536 | Abyss:4  | Reached skill level 24 in Invocations
 63557 | Abyss:4  | Found a transporter.
 63566 | Abyss:4  | Found a transporter.
 63567 | Abyss:4  | Got an abyssal rune of Zot
 63598 | Depths:4 | Escaped the Abyss
 63651 | Depths:4 | Reached XP level 26. HP: 229/234 MP: 26/39
 63754 | Depths:4 | Noticed a juggernaut
 63784 | Depths:4 | Killed a juggernaut
 63785 | Depths:4 | Reached skill level 25 in Invocations
 63848 | Depths:4 | Killed a juggernaut
 63887 | Depths:4 | Killed a juggernaut
 63916 | Depths:4 | Noticed a juggernaut
 63938 | Depths:4 | Killed a juggernaut
 64016 | Depths:4 | Identified the +0 plate armour of the Amoeba {Str+2 Slay+3}
 64097 | Depths:4 | Got the Reference Book on the Creative Snowflakes
 64105 | Depths:4 | Found a one-way gate to the infinite horrors of the Abyss.
 64143 | Depths:4 | Identified the +8 dagger "Olix" {holy, *Noise Str+4 Dex+5}
 64159 | Depths:4 | You fall into a shaft and drop 1 floor!
 64159 | Depths:5 | Entered Level 5 of the Depths
 64162 | Depths:5 | Received a gift from Nemelex Xobeh
 64458 | Depths:4 | You fall into a shaft and drop 1 floor!
 65040 | Depths:4 | Reached skill level 5 in Transmutations
 65332 | Depths:5 | Received a gift from Nemelex Xobeh
 65349 | Depths:5 | Found an iron altar of Okawaru.
 65423 | Depths:5 | Found a gate to the Realm of Zot.
 65804 | Hell     | Entered the Vestibule of Hell
 65804 | Hell     | Noticed Geryon
 65824 | Hell     | Killed Geryon
 66220 | Hell     | Found a gateway to the decaying netherworld of Tartarus.
 66358 | Hell     | Found a gateway to the freezing wastes of Cocytus.
 66432 | Hell     | Found a gateway to the Iron City of Dis.
 66499 | Hell     | Found a gateway to the ashen valley of Gehenna.
 66619 | Zot:1    | Entered Level 1 of the Realm of Zot
 66619 | Zot:1    | Received a gift from Nemelex Xobeh
 66623 | Zot:1    | Reached XP level 27. HP: 240/242 MP: 39/39
 66840 | Zot:1    | Noticed an orb of fire
 66856 | Zot:1    | Gained mutation: You are clumsy. (Dex -2) [an orb of fire]
 66857 | Zot:1    | Gained mutation: Armour fits poorly on your strangely
                  | shaped body. [an orb of fire]
 66861 | Zot:1    | Killed an orb of fire
 66934 | Zot:1    | Lost mutation: Your flesh is heat resistant. (rF+) [potion
                  | of mutation]
 66934 | Zot:1    | Lost mutation: You possess an exceptional clarity of mind.
                  | [potion of mutation]
 66934 | Zot:1    | Gained mutation: You have a somewhat thin skeletal
                  | structure. (Dex +2, Stealth+) [potion of mutation]
 66934 | Zot:1    | Lost mutation: You are very dopey. (Int -4) [potion of
                  | mutation]
 66935 | Zot:1    | Lost mutation: You have a pair of small antennae on your
                  | head. [potion of mutation]
 66935 | Zot:1    | Lost mutation: Armour fits poorly on your strangely shaped
                  | body. [potion of mutation]
 66935 | Zot:1    | Gained mutation: You have sharp fingernails. [potion of
                  | mutation]
 66936 | Zot:1    | Lost mutation: Potions are less effective at restoring your
                  | health. [potion of mutation]
 66936 | Zot:1    | Lost mutation: You are clumsy. (Dex -2) [potion of
                  | mutation]
 66936 | Zot:1    | Gained mutation: You are strong-willed. (Will+) [potion of
                  | mutation]
 66988 | Zot:1    | Reached skill level 15 in Necromancy
 67121 | Zot:1    | Learned a level 8 spell: Necromutation
 67327 | Zot:1    | Reached skill level 10 in Spellcasting
 67456 | Zot:1    | Identified the +2 robe "Issin" {rC- Will++ Dex+2 SInv}
 67591 | Zot:1    | Received a gift from Nemelex Xobeh
 68048 | Zot:2    | Received a gift from Nemelex Xobeh
 68291 | Zot:2    | Received a gift from Nemelex Xobeh
 68853 | Zot:3    | Received a gift from Nemelex Xobeh
 70067 | Zot:4    | Noticed a dread lich
 70296 | Zot:4    | Noticed a juggernaut
 70296 | Zot:4    | a Killer Klown changed into a juggernaut
 70321 | Zot:4    | Noticed an orb of fire
 70323 | Zot:4    | Gained mutation: Your body sometimes deteriorates upon
                  | taking damage. [an orb of fire]
 70324 | Zot:4    | Killed a juggernaut
 70326 | Zot:4    | Gained mutation: You tend to lose your temper in combat.
                  | [an orb of fire]
 70340 | Zot:4    | Killed an orb of fire
 70883 | Zot:4    | Lost mutation: Your body sometimes deteriorates upon taking
                  | damage. [potion of mutation]
 70883 | Zot:4    | Lost mutation: You are dopey. (Int -2) [potion of mutation]
 70883 | Zot:4    | Lost mutation: You tend to lose your temper in combat.
                  | [potion of mutation]
 70883 | Zot:4    | Gained mutation: You are occasionally teleported next to
                  | monsters. [potion of mutation]
 70883 | Zot:4    | Lost mutation: You are strong-willed. (Will+) [potion of
                  | mutation]
 70905 | Zot:4    | Received a gift from Nemelex Xobeh
 70985 | Zot:4    | Killed a dread lich
 71126 | Zot:5    | Entered Level 5 of the Realm of Zot
 71383 | Zot:5    | Identified the -5 helmet of Makhleb's Hope {Harm rN+ Int+4}
 72129 | Lair:5   | Found a staircase to the Slime Pits.
 72155 | Slime:1  | Entered Level 1 of the Pits of Slime
 72309 | Slime:3  | Paralysed by a great orb of eyes for 4 turns
 72427 | Slime:5  | Entered Level 5 of the Pits of Slime
 72600 | Slime:4  | Received a gift from Nemelex Xobeh
 72807 | Slime:5  | Gained mutation: You sometimes lose the ability to read
                  | scrolls when taking damage. [a shining eye]
 72809 | Slime:5  | Gained mutation: You tend to lose your temper in combat. [a
                  | shining eye]
 72829 | Slime:5  | Found a viscous altar of Jiyva.
 72829 | Slime:5  | Noticed the Royal Jelly
 72884 | Slime:5  | Killed the Royal Jelly
 72956 | Slime:5  | Identified the +11 long sword "Qajomag" {vorpal, rC+ Will+}
 72957 | Slime:5  | Identified the +7 demon blade "Ripusuf" {vorpal, rF+ rN+
                  | rCorr}
 72973 | Slime:5  | Identified the +9 quarterstaff of Courage {vorpal, rF+}
 72979 | Slime:5  | Got Bionoshu's Disquisition on Orientation and the Rocks
 73013 | Slime:5  | Identified the +9 dagger "Kapenuib" {flame, Dex+7}
 73031 | Slime:5  | Got the Catalogue of Feathery Poison
 73033 | Slime:5  | Identified the ring "Meawuhor" {Ice rN+++ Str+10 Int-4}
 73043 | Slime:5  | Found the +2 hood of the Assassin {Detection Stab+ Stlth++}
 73068 | Slime:5  | Got a slimy rune of Zot
 73089 | Slime:5  | Identified the +3 chain mail of Submission {Fly Dex+6}
 73090 | Slime:5  | Lost mutation: You sometimes lose the ability to read
                  | scrolls when taking damage. [potion of mutation]
 73090 | Slime:5  | Lost mutation: You are weak. (Str -2) [potion of mutation]
 73090 | Slime:5  | Lost mutation: You tend to lose your temper in combat.
                  | [potion of mutation]
 73090 | Slime:5  | Gained mutation: You passively map a small area around you.
                  | [potion of mutation]
 73402 | Orc:2    | Bought the ring of Waodghau {Contam Drain rPois Int+9
                  | Slay+4} for 1453 gold pieces
 73418 | Orc:2    | Bought an embroidered cloak for 262 gold pieces
 73765 | Depths:4 | Voluntarily entered the Abyss.
 73776 | Abyss:1  | Noticed an ancient lich
 73792 | Abyss:1  | Killed an ancient lich
 73869 | Abyss:1  | Received a gift from Nemelex Xobeh
 74248 | Abyss:3  | Received a gift from Nemelex Xobeh
 74490 | Abyss:4  | Received a gift from Nemelex Xobeh
 74696 | Abyss:4  | Received a gift from Nemelex Xobeh
 75161 | Abyss:4  | Reached skill level 10 in Transmutations
 75201 | Abyss:5  | Entered Level 5 of the Abyss
 75309 | Depths:4 | Escaped the Abyss
 75336 | Depths:4 | Voluntarily entered the Abyss.
 75340 | Abyss:1  | Received a gift from Nemelex Xobeh
 75366 | Abyss:1  | Paralysed by accursed screaming for 2 turns
 75378 | Abyss:1  | Paralysed by accursed screaming for 2 turns
 75429 | Depths:4 | Escaped the Abyss
 75568 | Depths:4 | Voluntarily entered the Abyss.
 75591 | Abyss:1  | Noticed a dread lich
 75601 | Abyss:1  | Killed a dread lich
 75748 | Abyss:1  | Paralysed by accursed screaming for 1 turns
 75860 | Abyss:2  | Found a corrupted altar of Lugonu.
 75932 | Abyss:2  | Received a gift from Nemelex Xobeh
 75963 | Abyss:2  | Gained mutation: Your spells are a little easier to cast,
                  | but a little less powerful. [a neqoxec]
 75978 | Abyss:2  | Identified the +7 morningstar "Bazaxtats" {flame, rElec
                  | rPois Str+4 Dex+2}
 76136 | Abyss:2  | Gained mutation: Your magical capacity is low. (-10% MP) [a
                  | neqoxec]
 76139 | Abyss:2  | Gained mutation: You are sometimes teleported next to
                  | monsters. [a neqoxec]
 76141 | Abyss:2  | Gained mutation: Potions are less effective at restoring
                  | your health. [a neqoxec]
 76235 | Depths:4 | Escaped the Abyss
 76281 | Depths:4 | Voluntarily entered the Abyss.
 76293 | Abyss:1  | Received a gift from Nemelex Xobeh
 76301 | Abyss:1  | Noticed an ancient lich
 76310 | Abyss:1  | Killed an ancient lich
 76521 | Abyss:2  | Found a corrupted altar of Lugonu.
 76662 | Abyss:2  | Acquired a manual of Air Magic
 76714 | Abyss:2  | Received a gift from Nemelex Xobeh
 76733 | Abyss:2  | Lost mutation: You are robust. (+10% HP) [potion of
                  | mutation]
 76733 | Abyss:2  | Lost mutation: Your spells are a little easier to cast, but
                  | a little less powerful. [potion of mutation]
 76733 | Abyss:2  | Lost mutation: Your magical capacity is low. (-10% MP)
                  | [potion of mutation]
 76733 | Abyss:2  | Lost mutation: You are sometimes teleported next to
                  | monsters. [potion of mutation]
 76733 | Abyss:2  | Gained mutation: You are somewhat resistant to further
                  | mutation. [potion of mutation]
 76888 | Abyss:3  | Found a snail-covered altar of Cheibriados.
 77069 | Abyss:3  | Received a gift from Nemelex Xobeh
 77146 | Abyss:3  | Received a gift from Nemelex Xobeh
 77621 | Abyss:3  | Received a gift from Nemelex Xobeh
 77770 | Abyss:5  | Entered Level 5 of the Abyss
 77776 | Depths:4 | Escaped the Abyss
 77909 | Pan      | Entered Pandemonium
 78249 | Pan      | Noticed Jodo Muc the pandemonium lord
 78280 | Pan      | Killed Jodo Muc the pandemonium lord
 78438 | Pan      | Gained mutation: Your body sometimes deteriorates upon
                  | taking damage. [a cacodemon]
 78440 | Pan      | Noticed Halow the pandemonium lord
 78493 | Pan      | Lost mutation: Your body sometimes deteriorates upon taking
                  | damage. [a cacodemon]
 78691 | Pan      | Received a gift from Nemelex Xobeh
 78757 | Pan      | Entered the realm of Mnoleg.
 78929 | Pan      | Gained mutation: You are clumsy. (Dex -2) [a neqoxec]
 78965 | Pan      | Found an exit through the horrors of the Abyss.
 79256 | Pan      | Received a gift from Nemelex Xobeh
 79579 | Pan      | Got a glowing rune of Zot
 79634 | Pan      | Gained mutation: You sometimes lose the ability to read
                  | scrolls when taking damage. [a neqoxec]
 79636 | Pan      | Gained mutation: You occasionally shout uncontrollably at
                  | your foes. [a neqoxec]
 79654 | Pan      | Noticed Mnoleg
 79686 | Pan      | Killed Mnoleg
 79802 | Pan      | Noticed Ridozytz the pandemonium lord
 80095 | Pan      | Noticed Vietoug the pandemonium lord
 80116 | Pan      | Killed Vietoug the pandemonium lord
 80262 | Pan      | Entered the realm of Cerebov.
 80286 | Pan      | Received a gift from Nemelex Xobeh
 80678 | Pan      | Received a gift from Nemelex Xobeh
 80860 | Pan      | Identified the +1 war axe "Conservator" {vorpal, SInv}
 80864 | Pan      | Identified the +6 dagger of the Last Portals {speed, rC++
                  | Str+3}
 80902 | Pan      | Identified the amulet of Lies {Fly rC+ rN+ Regen+}
 80929 | Pan      | Identified the ring of Lugonu's Pride {Int+8 SInv Stlth-}
 81124 | Pan      | Found the +6 sword of Cerebov {flame}
 81124 | Pan      | Noticed Cerebov
 81141 | Pan      | Identified the +2 trident of Dull Forgiveness {antimagic,
                  | Int+6}
 81152 | Pan      | Killed Cerebov
 81182 | Pan      | Got a fiery rune of Zot
 81381 | Pan      | Received a gift from Nemelex Xobeh
 81422 | Pan      | Reached skill level 15 in Spellcasting
 81603 | Pan      | Gained mutation: Your body sometimes deteriorates upon
                  | taking damage. [a neqoxec]
 81620 | Pan      | Received a gift from Nemelex Xobeh
 81636 | Pan      | Noticed Vuffi the pandemonium lord
 81647 | Pan      | Killed Vuffi the pandemonium lord
 81760 | Pan      | Found an exit through the horrors of the Abyss.
 81803 | Pan      | Entered the realm of Gloorx Vloq.
 81856 | Pan      | Received a gift from Nemelex Xobeh
 82028 | Pan      | Received a gift from Nemelex Xobeh
 82558 | Pan      | Reached skill level 15 in Transmutations
 82558 | Pan      | Noticed Gloorx Vloq
 82762 | Pan      | Banished Gloorx Vloq
 82830 | Pan      | Got a dark rune of Zot
 83026 | Pan      | Entered the realm of Lom Lobon.
 83146 | Pan      | Received a gift from Nemelex Xobeh
 83471 | Pan      | Received a gift from Nemelex Xobeh
 83774 | Pan      | Received a gift from Nemelex Xobeh
 83849 | Pan      | Noticed Lom Lobon
 83873 | Pan      | Killed Lom Lobon
 83901 | Pan      | Got a magical rune of Zot
 84082 | Pan      | Noticed Izxasm the pandemonium lord
 84104 | Pan      | Killed Izxasm the pandemonium lord
 84240 | Pan      | Received a gift from Nemelex Xobeh
 84647 | Pan      | Noticed Gug Fetio the pandemonium lord
 84676 | Pan      | Identified the -1 long sword "Dako" {freeze, rF++ rC- Str+2
                  | Int+3}
 84681 | Pan      | Killed Gug Fetio the pandemonium lord
 84831 | Pan      | Received a gift from Nemelex Xobeh
 84879 | Pan      | Found an exit through the horrors of the Abyss.
 84979 | Pan      | Found a runed translucent door.
 84983 | Pan      | Received a gift from Nemelex Xobeh
 84985 | Pan      | Noticed Veep the pandemonium lord
 85044 | Pan      | Found a runed translucent door.
 85059 | Pan      | Found a runed translucent door.
 85071 | Pan      | Identified the ring "Qopirak" {rC+ rN+ Will+ Slay-6 Stlth+}
 85181 | Pan      | Received a gift from Nemelex Xobeh
 85286 | Pan      | Identified the ring "Jiynneiz" {Fire rN+ Will+ Str+7 Int+2}
 85554 | Pan      | Noticed Kezumn the pandemonium lord
 85675 | Pan      | Killed Kezumn the pandemonium lord
 85722 | Pan      | Got a demonic rune of Zot
 85755 | Pan      | Received a gift from Nemelex Xobeh
 85947 | Pan      | Received a gift from Nemelex Xobeh
 86073 | Pan      | Found an exit through the horrors of the Abyss.
 86360 | Pan      | Received a gift from Nemelex Xobeh
 86405 | Pan      | Noticed Qeocush the pandemonium lord
 86422 | Pan      | Killed Qeocush the pandemonium lord
 86439 | Depths:3 | Escaped Pandemonium
 86489 | Geh:1    | Entered Level 1 of Gehenna
 87044 | Geh:3    | Received a gift from Nemelex Xobeh
 87452 | Geh:6    | Received a gift from Nemelex Xobeh
 87556 | Geh:7    | Entered Level 7 of Gehenna
 87935 | Geh:7    | Received a gift from Nemelex Xobeh
 88116 | Geh:7    | Found the +7 sceptre of Asmodeus
 88116 | Geh:7    | Noticed Asmodeus
 88131 | Geh:7    | Killed Asmodeus
 88214 | Geh:7    | Got an obsidian rune of Zot
 88430 | Geh:7    | Identified the +8 mace of Laibb {pain, rPois rF+ Str-4
                  | SInv}
 88740 | Coc:1    | Entered Level 1 of Cocytus
 89432 | Coc:3    | Reached skill level 26 in Invocations
 89654 | Coc:6    | Received a gift from Nemelex Xobeh
 90132 | Coc:7    | Entered Level 7 of Cocytus
 90499 | Coc:7    | Received a gift from Nemelex Xobeh
 90514 | Coc:7    | Noticed the Serpent of Hell
 90525 | Coc:7    | Killed the Serpent of Hell
 90985 | Coc:7    | Identified the ring of Panentheism {EV+4 Str+3}
 90985 | Coc:7    | Noticed Antaeus
 91009 | Coc:7    | Killed Antaeus
 91037 | Coc:7    | Got an icy rune of Zot
 91264 | Tar:1    | Entered Level 1 of Tartarus
 91354 | Tar:2    | Received a gift from Nemelex Xobeh
 91630 | Tar:3    | Received a gift from Nemelex Xobeh
 92434 | Tar:6    | Received a gift from Nemelex Xobeh
 92511 | Tar:7    | Entered Level 7 of Tartarus
 92585 | Tar:7    | Received a gift from Nemelex Xobeh
 92760 | Tar:7    | Noticed an ancient lich
 92773 | Tar:7    | Killed an ancient lich
 93133 | Tar:7    | Noticed a dread lich
 93199 | Tar:7    | Reached skill level 27 in Invocations
 93243 | Tar:7    | Killed a dread lich
 93385 | Tar:7    | Identified the +0 helmet of Tender Moments {rCorr}
 93556 | Tar:7    | Reached skill level 15 in Stealth
 93613 | Tar:7    | Got Sif Muna's Papyrus of Cold
 93791 | Tar:7    | Identified the +2 pair of boots of Akeqe {-Cast +Inv rPois
                  | Will++}
 93823 | Tar:7    | Identified the ring of the Disturbing Artists {Wiz Str+4
                  | Stlth-}
 93970 | Tar:7    | Noticed Ereshkigal
 94002 | Tar:7    | Killed Ereshkigal
 94028 | Tar:7    | Got a bone rune of Zot
 94161 | Dis:1    | Entered Level 1 of the Iron City of Dis
 94177 | Dis:1    | Received a gift from Nemelex Xobeh
 94316 | Dis:2    | Received a gift from Nemelex Xobeh
 94748 | Dis:5    | Received a gift from Nemelex Xobeh
 95356 | Dis:7    | Entered Level 7 of the Iron City of Dis
 95720 | Dis:7    | Received a gift from Nemelex Xobeh
 96523 | Dis:7    | Identified the ring of Qucsym {Fly rPois Int+4 Stlth-}
 96592 | Dis:7    | Identified the +0 helmet of Biomnoy {rC+ Str+7 Dex-2}
 96605 | Dis:7    | Identified the amulet of Hopetace {Reflect -Cast rN+ Dex+7
                  | SH+5}
 96631 | Dis:7    | Found the +6 lightning scales {swift rElec}
 96647 | Dis:7    | Identified the ring of Jeohy {rF+ rCorr SInv}
 96911 | Dis:7    | Found the +4 staff of Dispater
 96911 | Dis:7    | Noticed Dispater
 96932 | Dis:7    | Killed Dispater
 97009 | Dis:7    | Got an iron rune of Zot
 97010 | Dis:7    | Identified the ring of Vemeanue {rElec Str+3 Dex+6 Stlth-}
 97429 | Zot:4    | Lost mutation: You sometimes lose the ability to read
                  | scrolls when taking damage. [potion of mutation]
 97429 | Zot:4    | Lost mutation: Your body sometimes deteriorates upon taking
                  | damage. [potion of mutation]
 97429 | Zot:4    | Lost mutation: You are clumsy. (Dex -2) [potion of
                  | mutation]
 97430 | Zot:4    | Lost mutation: You have sharp fingernails. [potion of
                  | mutation]
 97430 | Zot:4    | Lost mutation: You occasionally shout uncontrollably at
                  | your foes. [potion of mutation]
 97430 | Zot:4    | Gained mutation: You are agile. (Dex +2) [potion of
                  | mutation]
 97538 | Zot:4    | Lost mutation: You are occasionally teleported next to
                  | monsters. [potion of mutation]
 97538 | Zot:4    | Lost mutation: You are agile. (Dex +2) [potion of mutation]
 97599 | Zot:5    | Noticed an orb of fire
 97607 | Zot:5    | Noticed a dread lich
 97608 | Zot:5    | Noticed an ancient lich
 97610 | Zot:5    | Noticed a dread lich
 97610 | Zot:5    | Noticed a dread lich
 97610 | Zot:5    | Noticed a dread lich
 97613 | Zot:5    | Killed an orb of fire
 97636 | Zot:5    | Noticed a dread lich
 97636 | Zot:5    | Noticed an ancient lich
 97661 | Zot:5    | Noticed an orb of fire
 97664 | Zot:5    | Killed an ancient lich
 97673 | Zot:5    | Killed a dread lich
 97680 | Zot:5    | Killed an orb of fire
 97681 | Zot:5    | Killed a dread lich
 97688 | Zot:5    | Killed an ancient lich
 97703 | Zot:5    | Killed a dread lich
 97761 | Zot:5    | Killed a dread lich
 97786 | Zot:5    | Noticed an ancient lich
 97798 | Zot:5    | Killed an ancient lich
 97798 | Zot:5    | Noticed an orb of fire
 97813 | Zot:5    | Killed an orb of fire
 97850 | Zot:5    | Killed a dread lich
 97957 | Zot:5    | Noticed an ancient lich
 97964 | Zot:5    | Noticed a dread lich
 97970 | Zot:5    | Killed a dread lich
 97981 | Zot:5    | Killed an ancient lich
 98146 | Zot:5    | Received a gift from Nemelex Xobeh
 98837 | Tomb:1   | Entered Level 1 of the Tomb of the Ancients
 99270 | Tomb:1   | Noticed a royal mummy
 99524 | Tomb:1   | Killed a royal mummy
 99573 | Tomb:1   | Learned a level 5 spell: Borgnjor's Vile Clutch
 99892 | Tomb:2   | Received a gift from Nemelex Xobeh
 99893 | Tomb:2   | Noticed a royal mummy
 99903 | Tomb:2   | Killed a royal mummy
100139 | Tomb:2   | Noticed a royal mummy
100150 | Tomb:2   | Noticed a royal mummy
100210 | Tomb:2   | Killed a royal mummy
100211 | Tomb:2   | Reached skill level 5 in Earth Magic
100211 | Tomb:2   | Noticed a royal mummy
100226 | Tomb:2   | Killed a royal mummy
100228 | Tomb:2   | Killed a royal mummy
100401 | Tomb:1   | Noticed a royal mummy
100404 | Tomb:1   | Noticed a royal mummy
100408 | Tomb:1   | Noticed a royal mummy
100409 | Tomb:1   | Noticed a royal mummy
100409 | Tomb:1   | Noticed a royal mummy
100436 | Tomb:1   | Killed a royal mummy
100451 | Tomb:1   | Killed a royal mummy
100455 | Tomb:1   | Noticed a royal mummy
100468 | Tomb:1   | Killed a royal mummy
100475 | Tomb:1   | Killed a royal mummy
100476 | Tomb:1   | Reached skill level 5 in Evocations
100480 | Tomb:1   | Killed a royal mummy
100483 | Tomb:1   | Killed a royal mummy
101259 | Depths:4 | Voluntarily entered the Abyss.
101265 | Abyss:1  | Found a corrupted altar of Lugonu.
101560 | Abyss:1  | Killed Gloorx Vloq
101606 | Abyss:1  | Received a gift from Nemelex Xobeh
101878 | Abyss:1  | Received a gift from Nemelex Xobeh
101908 | Abyss:1  | Reached skill level 10 in Earth Magic
102088 | Abyss:1  | Found a transporter.
102125 | Depths:4 | Escaped the Abyss
102127 | Depths:4 | Voluntarily entered the Abyss.
102175 | Abyss:1  | Received a gift from Nemelex Xobeh
102177 | Abyss:1  | Found a corrupted altar of Lugonu.
102781 | Abyss:1  | Received a gift from Nemelex Xobeh
103014 | Abyss:2  | Found a corrupted altar of Lugonu.
103042 | Abyss:2  | Received a gift from Nemelex Xobeh
103115 | Abyss:2  | Found a corrupted altar of Lugonu.
103495 | Abyss:2  | Paralysed by accursed screaming for 1 turns
103512 | Depths:4 | Escaped the Abyss
104157 | Tomb:1   | Noticed a royal mummy
104176 | Tomb:1   | Killed a royal mummy
104206 | Tomb:1   | Noticed a royal mummy
104209 | Tomb:1   | Noticed a royal mummy
104219 | Tomb:1   | Killed a royal mummy
104224 | Tomb:1   | Noticed a royal mummy
104227 | Tomb:1   | Killed a royal mummy
104241 | Tomb:1   | Killed a royal mummy
104327 | Tomb:1   | Noticed a royal mummy
104331 | Tomb:1   | Noticed a royal mummy
104332 | Tomb:1   | Noticed a royal mummy
104336 | Tomb:1   | Killed a royal mummy
104341 | Tomb:1   | Killed a royal mummy
104390 | Tomb:1   | Noticed a royal mummy
104397 | Tomb:1   | Noticed a royal mummy
104398 | Tomb:1   | Noticed a royal mummy
104401 | Tomb:1   | Noticed a royal mummy
104406 | Tomb:1   | Killed a royal mummy
104409 | Tomb:1   | Noticed a royal mummy
104411 | Tomb:1   | Noticed a royal mummy
104417 | Tomb:1   | Killed a royal mummy
104419 | Tomb:1   | Killed a royal mummy
104420 | Tomb:1   | Killed a royal mummy
104421 | Tomb:1   | Killed a royal mummy
104421 | Tomb:1   | Killed a royal mummy
104421 | Tomb:1   | Noticed a royal mummy
104429 | Tomb:1   | Killed a royal mummy
104911 | Tomb:2   | Noticed Khufu
104911 | Tomb:2   | Noticed a royal mummy
104911 | Tomb:2   | Noticed a royal mummy
104919 | Tomb:2   | Killed a royal mummy
104929 | Tomb:2   | Killed a royal mummy
104930 | Tomb:2   | Reached skill level 15 in Earth Magic
104939 | Tomb:2   | Killed Khufu
105632 | Tomb:1   | Killed a royal mummy
105819 | Tomb:3   | Entered Level 3 of the Tomb of the Ancients
105904 | Tomb:3   | Noticed a royal mummy
105912 | Tomb:3   | Noticed a royal mummy
105926 | Tomb:3   | Noticed a royal mummy
105926 | Tomb:3   | Noticed a royal mummy
105927 | Tomb:3   | Killed a royal mummy
105928 | Tomb:3   | Noticed a royal mummy
105944 | Tomb:3   | Killed a royal mummy
105953 | Tomb:3   | Noticed a royal mummy
105954 | Tomb:3   | Killed a royal mummy
105964 | Tomb:3   | Killed a royal mummy
105967 | Tomb:3   | Killed a royal mummy
105972 | Tomb:3   | Killed a royal mummy
105973 | Tomb:3   | Noticed a royal mummy
105975 | Tomb:3   | Noticed a royal mummy
105983 | Tomb:3   | Noticed a royal mummy
105984 | Tomb:3   | Killed a royal mummy
105991 | Tomb:3   | Killed a royal mummy
105999 | Tomb:3   | Killed a royal mummy
106344 | Tomb:3   | Found the ring of the Octopus King
106345 | Tomb:3   | Found the +6 arbalest "Damnation" {damnation}
106363 | Tomb:3   | Identified the ring "Hasafazu" {rElec rF+ MP-9 Int+7 Dex+2}
106364 | Tomb:3   | Identified the ring of Resoroih {rN+ MP+9 AC+4 Stlth+}
106376 | Tomb:3   | Identified the +3 leather armour "Eritikha" {Harm Int+3}
106378 | Tomb:3   | Identified a ring of the Octopus King {Wiz AC+1 EV+1 Str+1
                  | Int+1 Dex+1}
106396 | Tomb:3   | Got the Tome of Illusion and Earth
106397 | Tomb:3   | Identified the +7 rapier of Horoinn {pain, Str+5 Int+2}
106402 | Tomb:3   | Identified the +6 dagger of Qinn {flame, rElec Will+ Int+2
                  | Stlth+}
106527 | Tomb:3   | Got a golden rune of Zot
107368 | Zot:5    | Got the Orb of Zot
107982 | D:1      | Noticed Kowefoh the pandemonium lord
107994 | D:1      | Killed Kowefoh the pandemonium lord
108039 | D:$      | Escaped with the Orb!

Illustrated notes

Levels and vault maps discovered:
D:1:      lemuel_arrival_funnel, layout_basic, serial_glass, glass_columns_a,
          glass_columns_a, glass_columns_b, glass_columns_c, glass_columns_b,
          glass_columns_a, shapermc_ecumenical_altar_mp_urbaneastern,
          minmay_pentomino_r4
D:2:      layout_basic
D:3:      layout_basic, grunt_temple_overflow_open, grunt_ministairs_15
D:4:      layout_rooms, kennysheep_little_box, uniq_ijyb, uniq_eustachio
D:5:      layout_rooms, lemuel_coloured_pillars_altar, nicolae_specific_store,
          grunt_ministairs_13, grunt_decor_clamped,
          chequers_serial_rivers_large_a, chequers_serial_rivers_marsh,
          minmay_starry_boxes, uniq_menkaure
D:6:      layout_basic, general_overflow_altar, nicolae_shop_clearance
D:7:      layout_basic, marbit_many_paths, minmay_temple_entry_sparse_star,
          minmay_manual_moon
D:8:      layout_loops_ring, lair_entry_dummy, ebering_ghost_gozag,
          chequers_serial_rivers_room_a, uniq_joseph
D:9:      layout_roguey, gammafunk_temple_of_torment
D:10:     layout_gridville, nicolae_overflow_crystal_walls, lemuel_flame_loot_1,
          uniq_grum
D:11:     layout_loops_ring, kennysheep_orc_monster_closet_entryway
D:12:     layout_loops_ring, serial_shops, nicolae_shop_trees, uniq_nergalle
D:13:     layout_irregular_city, david_vaults_2,
          ploomutoo_gammafunk_ghost_potion_laboratory
D:14:     layout_gridville, hangedman_decor_slide_cut
D:15:     hangedman_depths_entry_try_elsewhere_first, layout_cave_pods,
          serial_park_square2, minmay_misc_feat_secret_circle
Lair:1:   layout_cave_pods, serial_bayou_shore_b
Lair:2:   layout_gridlike, spider_nest_entry_funnel_web, serial_forest,
          infiniplex_forest_clump_small, infiniplex_forest_clump_small,
          infiniplex_forest_lined_ring, infiniplex_forest_clump_medium,
          infiniplex_forest_end_1, infiniplex_forest_end_2,
          infiniplex_forest_straight_4, infiniplex_forest_clump_tiny,
          infiniplex_forest_lined_4_way, minmay_lair_oklob_chamber,
          lemuel_fruit_fields
Lair:3:   wander_river, layout_regular_city, grunt_megastairs_4,
          lemuel_fruit_tree
Lair:4:   layout_gridlike, elwin_shoals_entry_rooms, grunt_megastairs_3,
          infiniplex_staircase_pool_2, lemuel_fruit_fields, uniq_nessos
Lair:5:   layout_roguey, minmay_slime_entry_oklob_enclosed,
          minmay_stone_trees_small, serial_bayou_shore_b, serial_bayou_shore_b
Lair:6:   gammafunk_lair_ancient_temple, layout_big_grid, tgw_fedhas
Shoals:1: layout_shoals, nicolae_shoals_lost_giant_baths,
          nicolae_shoals_land_atoll, nicolae_shoals_enchanted_isle, uniq_louise
Shoals:2: layout_shoals, nicolae_shoals_hunting_party
Shoals:3: layout_shoals, serial_shops, nicolae_diamond_shop
Shoals:4: shoals_end_simple, layout_shoals, uniq_nikola
Spider:1: layout_spider_delve, hangedman_spider_tarantella_strand
Spider:2: spider_temple_joshua
Spider:3: layout_chambers, portal_ice_cave_entry_pillars_1, uniq_bai_suzhen,
          uniq_arachne, uniq_agnes
Spider:4: grunt_spider_rune_circles
Slime:1:  layout_caves
Slime:2:  layout_caves
Slime:3:  layout_caves
Slime:4:  layout_caves
Slime:5
Orc:1:    layout_caves, nicolae_orc_damp_corner
Orc:2:    st_orc_rangers, layout_caves, serial_shops, shop, abandoned_shop,
          nicolae_shop_self_help, uniq_urug
Elf:1:    elf_arrival_002, layout_gridlike, minivault_28,
          hangedman_elven_ridges, nicolae_elf_glass_and_crystal_pillar_1
Elf:2:    layout_gridlike, serial_shops, nicolae_shop_behind_doors,
          enter_trove_2
Elf:3:    grunt_elf_hall_asides, layout_loops_ring
Vaults:1: hangedman_vaults_pinch, v_alt_pattern_3, hangedman_vaults_variations,
          nicolae_vaults_little_squares_6, vaults_dpeg_diagonal,
          vaults_dpeg_hooks, v_rooms_4, nicolae_vaults_sealed_display,
          layout_vaults_omnigrid
Vaults:2: v_misc_17, nicolae_vaults_asterisk, nicolae_vaults_angled_halls,
          v_misc_28, gammafunk_sealed_arena, vaults_room_grid,
          vaults_room_hallway, hangedman_vaults_nails, grunt_vaults_twisty,
          minmay_crypt_entry_necro_gods, ontoclasm_vaults_shuriken,
          ontoclasm_vaults_chip, layout_vaults_omnicross, serial_shops,
          nicolae_square_shop, shop_scrolls, nicolae_lakefront_shop, shop,
          uniq_donald
Vaults:3: dpeg_vaults_pockets_of_resistance, ontoclasm_vaults_decontamination,
          hangedman_vaults_nodes, hangedman_vaults_stream, v_pattern_1,
          nicolae_vaults_little_squares_4, nicolae_vaults_circle_grid_a,
          vaults_mumra_minichess_inversion, nicolae_vaults_diagonal_hallway_6,
          v_misc_31, vaults_room_grid, v_misc_19, grunt_vaults_diagonal,
          nicolae_vaults_little_ls, grunt_vaults_hallway_short,
          layout_vaults_ring
Vaults:4: vaults_dpeg_spiral, vaults_dpeg_ring, v_misc_25,
          vaults_room_ringed_pool, vaults_dpeg_doors, vaults_not_door_vault_due,
          ontoclasm_vaults_ring_square, vaults_mumra_hex, v_misc_10,
          layout_vaults_maze_snakey, uniq_jory, uniq_xtahua
Vaults:5: serial_shops
Crypt:1:  layout_catacombs, minivault_26, eino_tiny_chamber
Crypt:2:  layout_misc_corridors, small_chamber_with_monster, hex_large,
          uniq_mara, uniq_margery
Crypt:3:  evilmike_haunted_forest
Tomb:1
Tomb:2:   uniq_khufu
Tomb:3
Depths:1: layout_basic, enter_ziggurat_d, amcnicky_mini_pool_small,
          serial_shops, shop, grunt_hell_entry_dis_grunt, serial_bayou_lagoon_a,
          minmay_the_grid_square_5x5_3x3_mashed
          [minmay_the_grid_square_5x5_shrine1, minmay_the_grid_square_5x5_three,
          minmay_the_grid_square_5x5_v, minmay_the_grid_square_5x5_beaten_path,
          minmay_the_grid_square_5x5_megaprize_checkered,
          minmay_the_grid_square_5x5_bracketed,
          minmay_the_grid_square_5x5_inset, minmay_the_grid_square_5x5_eight,
          minmay_the_grid_square_5x5_one_wall], serial_bayou_shore_a
Depths:2: minmay_imperfect_grid, layout_basic, minmay_staircase_bubble,
          hell_entry
Depths:3: lightli_eight_chambers, layout_cave_pools, hell_entry,
          grunt_pan_entry_sceptre, nicolae_ru_the_path_less_chosen
Depths:4: box_level_dp, serial_shops, abyss_entry, hell_entry
Depths:5: evilmike_zot_entry_diamond, layout_cave_pools, hell_entry,
          hangedman_abyss_entry_splay, okawaru_gym_becter
Hell
Dis:1:    layout_subdivisions
Dis:2:    layout_regular_city, grunt_megastairs_1
Dis:3:    layout_chaotic_city
Dis:4:    layout_chaotic_city
Dis:5:    layout_chaotic_city
Dis:6:    grunt_deathspiral_small, layout_regular_city
Dis:7:    iron_city_of_dis [dis_mu, dis_wall_3], layout_chaotic_city
Geh:1:    layout_gehenna_pools_box, lemuel_old_faithful
Geh:2:    layout_gehenna_pools_basic, lemuel_elevator
Geh:3:    layout_gehenna_pools_triple
Geh:4:    layout_gehenna_pools_triple
Geh:5:    layout_gehenna_lava_caves
Geh:6:    layout_gehenna_lava_caves, nicolae_geh_single_fiery_grave,
          lemuel_hellish_altar
Geh:7:    geh_hangedman
Coc:1:    layout_cocytus_water_paths
Coc:2:    layout_ice_bergs
Coc:3:    layout_cocytus_water_paths
Coc:4:    layout_ice_bergs
Coc:5:    layout_ice_bergs
Coc:6:    layout_cocytus_delve, hangedman_elemental_grid_stream
Coc:7:    coc_old
Tar:1:    layout_catacombs
Tar:2:    layout_cathedral_of_symmetry
Tar:3:    layout_grid_maze, nicolae_tar_cuneiform_oil,
          nicolae_tar_cuneiform_bread
Tar:4:    layout_grid_maze, nicolae_tar_cuneiform_to_be
Tar:5:    layout_honeycomb
Tar:6:    layout_cathedral_of_symmetry
Tar:7:    tar_old
Zot:1:    layout_misc_corridors
Zot:2:    layout_cellular_growth
Zot:3:    layout_misc_corridors, zot_minivault_1, lemuel_elevator
Zot:4:    ebering_klown_carousel, layout_onion
Zot:5:    layout_gridville

Skill      XL: |  1  2  3  4  5  6  7  8  9 10 11 12 13 14 15 16 17 18 19 20 21 22 23 24 25 26 27 |
---------------+----------------------------------------------------------------------------------+-----
Long Blades    | 3 4 5 6 7 9 11 13 14 15 16 17 18 22 | 22.5
Dodging        | 3 4 5 6 7 8 9 10 11 17 19 22 | 22.5
Invocations    | 1 2 3 4 5 6 8 11 13 14 16 18 20 24 25 27 | 27.0
Armour         | 1 2 3 4 5 9 11 12 13 16 20 | 20.8
Fighting       | 3 4 6 7 8 9 10 12 13 14 15 16 17 18 19 24 | 24.3
Stealth        | 1 2 3 4 5 9 13 17 | 17.9
Shields        | 1 2 3 4 5 6 8 14 15 20 | 20.4
Evocations     | 1 9 |  9.3
Spellcasting   | 2 4 5 8 20 | 20.3
Transmutations | 3 7 20 | 20.0
Translocations | 1 4 5 9 |  9.0
Short Blades   | 10 11 | 11.8
Necromancy     | 8 12 14 24 | 24.9
Earth Magic    | 18 | 18.8
Throwing       | |  1.9

Action                   |  1- 3 |  4- 6 |  7- 9 | 10-12 | 13-15 | 16-18 | 19-21 | 22-24 | 25-27 || total
-------------------------+-------+-------+-------+-------+-------+-------+-------+-------+-------++-------
Melee: Long sword        |   108 |   119 |   168 |       |       |       |       |       |       ||   395
       Kick              |       |    29 |   112 |   148 |   344 |   486 |  1406 |  1410 |  6868 || 10803
       Great sword       |       |       |    78 |   337 |   640 |   887 |   168 |       |       ||  2110
       Quick blade       |       |       |       |       |       |       |  2135 |  1389 |  1658 ||  5182
       Demon blade       |       |       |       |       |       |       |       |  1135 | 10588 || 11723
Throw: Throwing net      |       |       |       |       |       |       |       |       |     2 ||     2
 Cast: Wereblood         |       |       |       |       |     1 |       |       |       |       ||     1
       Necromutation     |       |       |       |       |       |       |       |       |   206 ||   206
       Manifold Assault  |       |       |       |       |       |       |       |       |    63 ||    63
       Borgnjor's Vile C |       |       |       |       |       |       |       |       |    40 ||    40
Invok: Draw Destruction  |       |     7 |     2 |    10 |    33 |    10 |     6 |    15 |    32 ||   115
       Draw Summoning    |       |     1 |       |     3 |     7 |     3 |     3 |     6 |     9 ||    32
       Triple Draw       |       |       |       |     1 |       |       |       |       |       ||     1
       Deal Four         |       |       |       |       |     1 |     2 |     6 |       |    53 ||    62
       Draw Escape       |       |       |       |       |       |       |       |       |     1 ||     1
 Abil: End Transformatio |       |       |       |       |       |       |       |       |     4 ||     4
       Word of Chaos     |       |       |       |       |       |       |       |       |     2 ||     2
Evoke: Wand              |       |       |    11 |     6 |     7 |     6 |       |     2 |    27 ||    59
       Condenser vane    |       |       |       |       |       |       |       |       |     4 ||     4
  Use: Scroll            |       |       |     1 |       |    27 |     4 |     1 |    14 |    31 ||    78
       Potion            |       |       |     2 |     3 |     4 |     1 |     1 |     4 |    41 ||    56
 Stab: Sleeping          |     2 |       |     3 |     6 |    11 |       |       |     8 |    60 ||    90
       Confused          |       |       |       |     2 |       |       |       |       |       ||     2
       Distracted        |       |       |       |     1 |     9 |     1 |       |     3 |    66 ||    80
       Petrifying        |       |       |       |       |     1 |       |       |     3 |     6 ||    10
       Petrified         |       |       |       |       |       |       |     4 |    15 |    14 ||    33
       Paralysed         |       |       |       |       |       |       |       |       |     1 ||     1
       Fleeing           |       |       |       |       |       |       |       |       |     1 ||     1
Armor: Leather armour    |    38 |    41 |    53 |    93 |   108 |       |       |       |       ||   333
       Storm dragon scal |       |       |       |       |     4 |    33 |       |       |       ||    37
       Chain mail        |       |       |       |       |       |   270 |   280 |   289 |  1877 ||  2716
Dodge: Dodged            |    76 |    91 |   161 |   217 |   514 |   438 |   354 |   292 |  2894 ||  5037
Block: Other             |    21 |    28 |    84 |   123 |   265 |   360 |    87 |       |       ||   968
       Tower shield      |       |       |       |       |       |       |  2188 |  2976 |  3884 ||  9048
       Reflection        |       |       |       |       |       |       |    24 |    31 |   214 ||   269
       Kite shield       |       |       |       |       |       |       |       |       | 10840 || 10840
       Rpst.: Long sword |    23 |    20 |    38 |       |       |       |       |       |       ||    81
       Great sword       |       |       |     9 |   103 |   188 |   146 |    40 |       |       ||   486
       Quick blade       |       |       |       |       |       |       |    32 |    13 |    31 ||    76
       Demon blade       |       |       |       |       |       |       |       |    41 |   798 ||   839

Table legend: (Time is in decaauts)
 A = Elapsed time spent in this place.
 B = Non-inter-level travel time spent in this place.
 C = Inter-level travel time spent in this place.
 D = Time resting spent in this place.
 E = Time spent auto-exploring this place.
 F = Levels seen in this place.
 G = Mean time per level.
                   A        B        C        D        E       F      G
               +--------+--------+--------+--------+--------+-----+--------+
         Total | 101529 |  92252 |   9277 |  13932 |  44300 | 129 |  787.0 |
       Dungeon |  18013 |  15750 |   2263 |   3063 |  10260 |  15 | 1200.9 |
          Lair |   9279 |   8397 |    882 |   2001 |   5104 |   6 | 1546.5 |
        Shoals |   3678 |   3525 |    153 |    198 |   2583 |   4 |  919.5 |
   Spider Nest |   6577 |   6209 |    368 |   1465 |   3649 |   4 | 1644.2 |
    Slime Pits |    931 |    882 |     49 |     95 |     30 |   5 |  186.2 |
  Orcish Mines |   2957 |   2460 |    497 |    904 |   1172 |   2 | 1478.5 |
   Elven Halls |   3754 |   3529 |    225 |    960 |   1793 |   3 | 1251.3 |
        Vaults |   7133 |   6403 |    730 |    212 |   3871 |   5 | 1426.6 |
         Crypt |   4700 |   3974 |    726 |    122 |   2623 |   3 | 1566.7 |
          Tomb |   4538 |   3868 |    670 |   1113 |    927 |   3 | 1512.7 |
        Depths |   7759 |   6315 |   1444 |    501 |   3529 |   5 | 1551.8 |
          Hell |    840 |    797 |     43 |     65 |    292 |   1 |  840.0 |
           Dis |   2484 |   2379 |    105 |    154 |     58 |   7 |  354.9 |
       Gehenna |   1722 |   1670 |     52 |    127 |     13 |   7 |  246.0 |
       Cocytus |   2053 |   1923 |    130 |      0 |    405 |   7 |  293.3 |
      Tartarus |   2268 |   2193 |     75 |    134 |     12 |   7 |  324.0 |
           Zot |   6132 |   5272 |    860 |    725 |   2414 |   5 | 1226.4 |
         Abyss |   7062 |   7062 |      0 |    384 |   1930 |  21 |  336.3 |
   Pandemonium |   7789 |   7789 |      0 |    544 |   3268 |  18 |  432.7 |
      Ice Cave |   1851 |   1851 |      0 |   1161 |    364 |   1 | 1851.0 |
               +--------+--------+--------+--------+--------+-----+--------+

Top non-repeatable levels by time:
Depths:4: 2590 daAuts
  Tomb:1: 2551 daAuts
 Abyss:2: 2311 daAuts
 Crypt:3: 2145 daAuts
Spider:2: 2131 daAuts
  Lair:6: 2037 daAuts
 Abyss:1: 2018 daAuts
Spider:1: 1983 daAuts
   Orc:2: 1855 daAuts
   IceCv: 1851 daAuts
     D:8: 1734 daAuts
Depths:1: 1707 daAuts
     D:1: 1595 daAuts
     D:3: 1577 daAuts
 Crypt:1: 1572 daAuts
